 Dungeon Crawl Stone Soup version 0.21.1-1-g345015f (webtiles) character file.

928842 glosham the Archmage (level 27, -3/210 HPs)
             Began as a Mummy Earth Elementalist on Apr 18, 2018.
             Was the Champion of Kikubaaqudgha.
             Killed by divine providence
             ... invoked by a greater mummy
              (9 damage)
             ... on level 2 of the Tomb of the Ancients on Apr 25, 2018.
             The game lasted 1 day 08:00:03 (64978 turns).

glosham the Archmage (MuEE)                    Turns: 64978, Time: 1 , 08:00:04

Health: -3/210     AC: 17    Str: 27    XL:     27
Magic:  43/63      EV: 22    Int: 49    God:    Kikubaaqudgha [******]
Gold:   365        SH: 11    Dex: 23    Spells: 6/80 levels left

rFire    . . .     SeeInvis +   a - +4 dagger "Morg" {pain, MR+ Int+5}
rCold    + + .     Gourm    .   Z - +2 buckler of Impermeability {rElec MP+9 Dex+3}
rNeg     + + +     Faith    .   T - +3 robe of Folly {Archmagi, MR-- Int+5}
rPois    ∞         Spirit   .   U - +2 helmet {Int+3}
rElec    +         Reflect  +   Y - +2 cloak {MR+}
rCorr    .         Harm     .   V - +2 pair of gloves {Str+3}
MR       +++..                  W - +0 pair of boots of Darkness {rF+ rC+ Str+3 Dex+2}
Stlth    +++++.....             z - amulet of Suspicion {Reflect Dex+4 SH+3 SInv}
HPRegen  0.45/turn              A - ring "Veotum" {Str+9 Int+5}
MPRegen  0.38/turn              B - +6 ring of intelligence

@: slowed, studying Translocations, deflect missiles, very slow
A: no food or potions, fire vulnerability, cold resistance 1, negative energy
resistance 3, torment resistance, unbreathing, in touch with death 2
}: 10/15 runes: decaying, slimy, silver, abyssal, demonic, glowing, magical,
fiery, dark, gossamer
a: Receive Corpses, Torment, Renounce Religion


You were on level 2 of the Tomb of the Ancients.
You worshipped Kikubaaqudgha.
Kikubaaqudgha was exalted by your worship.
You were not hungry.

You visited 14 branches of the dungeon, and saw 61 of its levels.
You visited Pandemonium 2 times, and saw 9 of its levels.
You visited the Abyss 2 times.
You visited 1 bazaar.
You visited 1 ziggurat, and saw 9 of its levels.
You also visited: Ossuary, Ice Cave, Volcano, Wizlab and Desolation.

You collected 9855 gold pieces.
You spent 9490 gold pieces at shops.

Inventory:

Hand Weapons
 a - the +4 dagger "Morg" (weapon) {pain, MR+ Int+5}
   (You bought it in a shop in a bazaar)

   In the hands of one skilled in necromantic magic, it inflicts extra damage on
   living creatures.
   It affects your intelligence (+5).
   It affects your resistance to hostile enchantments.
 c - a +10 quick blade of electrocution
Armour
 R - the +1 leather armour of the Eight People {MR+ Regen+ Int+2 Stlth-}
   (You found it on level 3 of the Crypt)

   It affects your intelligence (+2).
   It affects your resistance to hostile enchantments.
   It increases your rate of regeneration.
   It makes you less stealthy.
 T - the +3 robe of Folly (worn) {Archmagi, MR-- Int+5}
   (You bought it in a shop on level 6 of the Dungeon)

   It affects your intelligence (+5).
   It affects your resistance to hostile enchantments.
 U - a +2 helmet of intelligence (worn)
 V - a +2 pair of gloves of strength (worn)
 W - the +0 pair of boots of Darkness (worn) {rF+ rC+ Str+3 Dex+2}
   (You found it on level 1 of the Lair of Beasts)

   It affects your strength (+3).
   It affects your dexterity (+2).
   It protects you from fire.
   It protects you from cold.
 X - +8 fire dragon scales
 Y - a +2 cloak of magic resistance (worn)
 Z - the +2 buckler of Impermeability (worn) {rElec MP+9 Dex+3}
   (You found it on level 14 of the Dungeon)

   It affects your dexterity (+3).
   It insulates you from electricity.
   It affects your magic capacity (+9).
Magical Staves
 b - an uncursed staff of energy {!a}
 d - an uncursed staff of death
 e - an uncursed staff of earth
Jewellery
 z - the amulet of Suspicion (around neck) {Reflect Dex+4 SH+3 SInv}
   (You acquired it on level 3 of the Vaults)

   [amulet of reflection]

   It shields you and reflects attacks.
   It affects your dexterity (+4).
   It lets you see invisible.
   It affects your SH (+3).
 A - the ring "Veotum" (left hand) {Str+9 Int+5}
   (You found it in Pandemonium)

   [ring of intelligence]

   It affects your strength (+9).
   It affects your intelligence (+5).
 B - a +6 ring of intelligence (right hand)
 C - the ring "Umai" {rPois rC+ rN+ Int+2}
   (You found it on level 3 of the Crypt)

   [ring of positive energy]

   It affects your intelligence (+2).
   It protects you from cold.
   It protects you from poison.
   It protects you from negative energy.
 D - an uncursed ring of protection from fire
 M - the ring "Todih" {+Inv rElec rF+ MR++ Str-3}
   (You found it in Pandemonium)

   [ring of protection from fire]

   It affects your strength (-3).
   It protects you from fire.
   It insulates you from electricity.
   It affects your resistance to hostile enchantments.
   It lets you turn invisible.
 S - an uncursed ring of resist corrosion
Wands
 f - a wand of clouds (6)
 g - a wand of digging (53)
 h - a wand of polymorph (92)
 i - a wand of paralysis (39)
 j - a wand of enslavement (13)
 G - a wand of iceblast (43)
 H - a wand of disintegration (58)
 J - a wand of acid (5)
Scrolls
 k - 53 scrolls of teleportation
 l - 2 scrolls of blinking
 m - 7 scrolls of fog
 n - 14 scrolls of fear
 o - 33 scrolls of remove curse
 p - 7 scrolls of identify
 q - 18 scrolls of magic mapping
 r - 2 scrolls of torment {!r}
 s - 12 scrolls of immolation
Books
 P - a manual of Translocations
Miscellaneous
 t - a fan of gales
 u - a lightning rod (4/4)
 v - a lamp of fire
 w - the horn of Geryon
 x - 10 phantom mirrors
 y - 2 boxes of beasts
 Q - 2 sacks of spiders


   Skills:
 * Level 15.9 Fighting
 - Level 8.0 Short Blades
 - Level 10.0 Armour
 - Level 10.7 Dodging
 - Level 10.2 Stealth
 - Level 4.0 Shields
 O Level 27 Spellcasting
 - Level 16.5 Conjurations
 - Level 4.0 Charms
 - Level 10.5 Summonings
 * Level 23.5 Necromancy
 - Level 4.9 Translocations
   Level 0.7 Transmutations
 - Level 4.0 Air Magic
 * Level 18.0 Earth Magic
 - Level 13.5 Evocations


You had 6 spell levels left.
You knew the following spells:

 Your Spells              Type           Power        Failure   Level  Hunger
a - Apportation           Tloc           ######       1%          1    N/A
b - Blink                 Tloc           N/A          1%          2    N/A
c - Spellforged Servitor  Conj/Summ      ########..   1%          7    N/A
d - Deflect Missiles      Chrm/Air       ########..   4%          6    N/A
g - Passage of Golubria   Tloc           N/A          1%          4    N/A
h - Haunt                 Necr/Summ      ##########   1%          7    N/A
i - Infestation           Necr           ##########   1%          8    N/A
s - Shroud of Golubria    Chrm/Tloc      ########..   1%          2    N/A
u - Dispel Undead         Necr           ########     0%          5    N/A
x - Lehudib's Crystal Sp  Conj/Erth      #########.   1%          8    N/A
z - Borgnjor's Vile Clut  Necr/Erth      ##########   0%          5    N/A
S - Simulacrum            Ice/Necr       #########.   1%          6    N/A
W - Shatter               Erth           #########.   7%          9    N/A
Z - Animate Dead          Necr           N/A          0%          4    N/A

Dungeon Overview and Level Annotations

Branches:
Dungeon (15/15)            Temple (1/1) D:5            Lair (6/6) D:11
  Swamp (4/4) Lair:4       Spider (4/4) Lair:4        Slime (5/5) Lair:6
    Orc (2/2) D:12            Elf (3/3) Orc:2        Vaults (5/5) D:13
  Crypt (3/3) Vaults:2       Tomb (2/3) Crypt:3      Depths (5/5) D:15
   Hell (1/1)                 Dis (0/7) Hell            Geh (0/7) Hell
    Coc (0/7) Hell            Tar (0/7) Hell            Zot (5/5) Depths:5

Altars:
Ashenzari
Cheibriados
Dithmenos
Elyvilon
Fedhas
Gozag
Hepliaklqana
Kikubaaqudgha
Makhleb
Okawaru
Qazlal
Ru
Sif Muna
Trog
Uskayaw
Vehumet
Yredelemnul
Zin
The Shining One
Beogh
Jiyva

Shops:
D:6 *[(%!   D:9 ?   D:11 ?   D:12 *   D:13 *   Orc:2 ?:(:   Elf:1 ?   Elf:3 ?
Vaults:2 :   Vaults:3 =*}   Vaults:5 %%%   Zot:5 *

Portals:
Hell: Depths:1 Depths:2 Depths:3 Depths:4 Depths:5
Abyss: Depths:3 Depths:4
Pandemonium: Depths:3 Depths:4


Innate Abilities, Weirdness & Mutations

You do not eat or drink.
Your flesh is vulnerable to fire.
You are immune to poison.
Your flesh is cold resistant. (rC+)
You are immune to negative energy. (rN+++)
You are immune to unholy pain and torment.
You can survive without breathing.
You are strongly in touch with the powers of death.


Message History

You block the death scarab's attack. The spectral harpy misses you.
The spectral harpy closely misses you. You block the death scarab's attack.
Send 'em back where they came from!
Your guardian mummy dissolves into shadows!
Your guardian mummy shudders.
Your mummy shudders.
The spectral frost giant hits you.
* * * LOW HITPOINT WARNING * * *
The spectral ettin completely misses you.
The spectral ettin hits you.
* * * LOW HITPOINT WARNING * * *
The spectral harpy barely misses you. You block the spectral harpy's attack.
The greater mummy casts a spell.
Your guardian mummy hits the mummy!!
The mummy is destroyed!
Kikubaaqudgha accepts your kill.
The mummy priest utters an invocation to its god.
Casting: Passage of Golubria
Confirm with . or Enter, or press ? or * to list all spells.
Aiming: Dispel Undead
Press: ? - help, Shift-Dir - straight line, f - death scarab
Aim: a death scarab You feel a huge surge of power!
The death scarab convulses!
You destroy the death scarab!
Kikubaaqudgha accepts your kill.
The spectral ettin disappears in a puff of smoke!
The spectral harpy misses you. You block the spectral harpy's attack.
You block the death scarab's attack.
The death scarab bites your guardian mummy!
The death scarab drains your guardian mummy's vigour!
Your guardian mummy seems to slow down.
You block the death scarab's attack.
The spectral harpy completely misses you.
The spectral harpy closely misses you.
The spectral frost giant closely misses you.
The spectral harpy closely misses you. You block the spectral harpy's attack.
The death scarab completely misses you.
The greater mummy points at you and mumbles some strange words.
Something smites you!
You die...
Kikubaaqudgha rasps: "You have failed me!
Welcome... oblivion!"

##################***************
#.....#.........>#,,,,,*,,,*,,,,,
#....^#..^..^..^.#,,,,,*,,,*,,,,,
#.....#^....^....#,,,,,*,,,+,,,,,
#.....'.........^#,,,,,*,,,*,,,,,
#####'##############+#########,,,
#...^^#......M.Z.............#,,,
#.....#.......ss@M...........#**+
#..^..#.......zsZs...........#,,,
#.^...#^.......ssZMMZ........#,,,
#^^.^.#..<......LWW..........+,,,
#.....#.........W...W........#,,,
###†###..#M.(.MW........Z#Z..#**+
#..^^.#.,#..4.4z###.?M..!#...#,,,
#^....#,,#.....#(z.#M....#...#,,,
#.....#,,#.s.s#..L..#....#...#,,,


You could see 2 greater mummies, an ancient lich, a mummy priest, a skeletal
warrior, 2 flayed ghosts, an orange demon, a phantasmal warrior, a guardian
mummy, a spectral harpy, a spectral frost giant, 2 hungry ghosts, 6 death
scarabs, a red devil, 2 mummies, a wight, a golden dragon simulacrum, an ettin
zombie, a friendly guardian mummy and a friendly mummy.

Vanquished Creatures
  Cerebov (Pan)
  Dissolution (Slime:1)
  Lom Lobon (Pan)
  Mnoleg (Pan)
  8 orbs of fire
  A pandemonium lord (Pan)
  9 ancient liches
  13 greater mummies (Tomb:1)
  Sojobo (Crypt:1)
  Boris (Tomb:2)
  2 curse toes (Zot:5)
  2 Killer Klowns (Zot:5)
  5 golden dragons
  2 bone dragons
  Geryon (Hell)
  2 profane servitors
  A Tzitzimitl (Pan)
  4 electric golems
  An iron giant (Zig:8)
  2 Brimstone Fiends (Pan)
  Rupert (Lair:4)
  8 tentacled monstrosities
  A hellephant (Abyss:1)
  22 Orb Guardians (Zot:5)
  A Hell Sentinel (Pan)
  2 deep elf master archers (Zig:9)
  4 quicksilver dragons
  5 liches
  4 titans
  A deep elf blademaster (Elf:3)
  9 Executioners
  The ghost of Exporg the Peltast, an adept MiFi of the Shining One (Depths:1)
  An eldritch tentacle (Pan)
  5 death cobs
  An acid blob (Slime:5)
  16 tentacled starspawn
  2 ancient champions
  Agnes (Spider:3)
  11 shadow dragons
  2 draconian monks
  6 storm dragons
  5 tengu reavers
  3 sphinxes
  4 warmongers (Pan)
  5 fire giants
  5 draconian knights
  3 deep elf sorcerers
  An azure jelly (Slime:5)
  10 ghost moths
  A corrupter (Pan)
  4 vault wardens
  2 iron dragons
  5 emperor scorpions
  3 draconian scorchers
  2 draconian shifters
  8 cacodemons
  9 frost giants
  A curse skull (Crypt:3)
  12 balrugs
  A deep elf elementalist (Abyss:1)
  6 ironheart preservers
  2 draconian stormcallers
  7 reapers
  2 angels (Depths:3)
  A spriggan defender (Depths:4)
  9 draconian annihilators
  A war gargoyle (Vaults:5)
  3 stone giants
  12 very ugly things
  4 vampire knights
  3 green draconians
  A deep elf demonologist (Vaults:5)
  Nessos (Lair:4)
  A bennu (Tomb:1)
  5 deep elf annihilators
  3 black draconians
  9 red draconians
  6 white draconians
  5 dire elephants
  6 lorocyprocas
  2 yellow draconians
  3 spark wasps (Depths:3)
  6 purple draconians
  A blizzard demon (Pan)
  6 green deaths (Pan)
  5 ettins
  Josephine (Orc:1)
  7 mummy priests
  The ghost of soepske the Zephyrmancer, a journeyman DrAE of the Shining One (D:12)
  2 death oozes
  4 deep elf high priests
  A servant of whispers (Desolation)
  2 great orbs of eyes
  An ice dragon (Vaults:1)
  6 yaktaur captains
  A hell beast (Depths:4)
  A peacekeeper (Desolation)
  2 quicksilver dragon skeletons
  10 hydras
  3 spriggan air magi
  12 vault guards
  10 rakshasas
  A juggernaut simulacrum (Pan)
  A monstrous demonspawn (Pan)
  3 centaur warriors
  9 two-headed ogres
  3 alligators (Swamp:1)
  7 ogre magi
  15 dancing weapons
  14 death scarabs
  5 deep troll shamans
  3 death yaks (Lair:3)
  3 spriggan berserkers (Depths:4)
  2 tengu warriors
  2 vampire magi
  3 naga sharpshooters (Zig:9)
  16 thrashing horrors
  2 deep troll earth magi (Depths:4)
  2 soul eaters (Pan)
  6 spriggans
  A spatial maelstrom (Abyss:1)
  A titan zombie (Hell)
  Sonja (Lair:1)
  15 sun demons
  10 wretched stars
  16 deep elf knights
  A fire crab (shapeshifter) (Vaults:2)
  24 hell knights
  2 skeletal warriors
  7 sixfirhies
  A ghost moth zombie (Abyss:3)
  6 shadow wraiths
  An anaconda zombie (Abyss:3)
  11 deep trolls
  2 cherubim (Depths:3)
  6 unseen horrors
  2 gelid demonspawn (Pan)
  2 flayed ghosts
  A shadow dragon zombie (Abyss:1)
  7 glowing orange brains
  2 shadow demons
  16 starcursed masses
  4 wizards
  12 deep elf archers
  11 ironbrand convokers
  2 orc knights
  11 phantasmal warriors
  4 harpies (Vaults:2)
  15 orb spiders
  A stone giant zombie (Depths:1)
  5 necromancers
  24 deep elf magi
  2 manticores
  A fire giant zombie (Hell)
  13 ugly things
  12 wolf spiders
  4 elephants
  2 frost giant zombies
  20 moths of wrath
  8 worldbinders
  2 cyclopes
  28 large abominations
  4 frost giant skeletons
  2 fire giant skeletons
  5 rust devils
  2 spriggan zombies (Hell)
  2 vault sentinels
  An ice statue (Hell)
  A molten gargoyle (Hell)
  An apocalypse crab (Abyss:3)
  A guardian serpent (Desolation)
  A black mamba (Lair:2)
  2 stone giant skeletons (Pan)
  4 gargoyles (Crypt:3)
  5 orange demons
  7 spiny frogs
  A black draconian zombie (Crypt:1)
  2 torpor snails
  15 smoke demons
  2 hellions
  2 yaktaur zombies
  9 yaktaurs
  A kobold demonologist (D:11)
  2 komodo dragons
  10 demonic crawlers
  2 tormentors (Abyss:3)
  A yaktaur skeleton (Depths:1)
  3 hellwings
  5 efreet
  3 freezing wraiths
  A queen bee (Spider:4)
  A tengu conjurer (Depths:3)
  13 ancient zymes
  5 ice devils
  7 guardian mummies
  8 red devils
  A troll (shapeshifter) (Depths:4)
  3 tyrant leeches
  7 trolls
  8 hornets
  12 blink frogs
  12 jumping spiders
  A wind drake (shapeshifter) (Depths:2)
  6 hippogriffs
  24 raiju
  3 bog bodies
  7 saltlings (Desolation)
  Grinder (D:4)
  An ice dragon zombie (Abyss:2)
  A dream sheep (shapeshifter) (Zig:3)
  A blink frog (shapeshifter) (Depths:3)
  16 slime creatures
  An air elemental (Depths:4)
  A hippogriff (shapeshifter) (Vaults:3)
  6 flying skulls
  3 water elementals
  A redback (shapeshifter) (Zig:3)
  4 ettin skeletons
  21 tarantellas
  15 ynoxinuls
  8 shadows
  An ice dragon skeleton (Pan)
  An alligator skeleton (Hell)
  42 redbacks
  A human (shapeshifter) (Abyss:3)
  A tarantella (shapeshifter) (Abyss:3)
  30 yaks
  A basilisk (Lair:2)
  6 wraiths
  3 wyverns
  A basilisk (shapeshifter) (Depths:1)
  6 golden eyes
  A hog (shapeshifter) (Depths:2)
  4 humans (D:13)
  5 hungry ghosts
  7 fire elementals
  6 neqoxecs
  5 vampire mosquitoes
  8 chaos spawn
  40 small abominations
  Edmund (D:6)
  A warg (Orc:2)
  3 swamp worms
  Menkaure (D:4)
  3 two-headed ogre zombies (D:12)
  3 acid dragons
  2 deep troll zombies
  6 water moccasins
  4 porcupines
  6 sky beasts
  5 ice beasts
  16 orc warriors
  A black bear (D:13)
  A swamp drake (Swamp:2)
  2 eyes of draining (Abyss:3)
  2 phantoms
  12 wolves
  17 ogres
  4 boggarts
  21 centaurs
  A snapping turtle skeleton (Pan)
  8 crocodiles
  Blork the orc (D:4)
  A big kobold (D:9)
  3 elf zombies (Ossuary)
  17 bullfrogs
  An earth elemental (Abyss:3)
  4 human skeletons (Vaults:2)
  A hippogriff skeleton (Crypt:2)
  2 scorpions
  A wyvern skeleton (D:11)
  A troll zombie (D:12)
  15 killer bees
  5 wights (Abyss:3)
  An electric eel (Spider:4)
  6 crimson imps
  6 quasits
  2 bullfrog zombies
  6 centaur zombies
  11 jellies
  13 orc priests
  18 orc wizards
  Crazy Yiuf (D:3)
  8 hounds
  4 iguanas
  8 iron imps
  Jessica (D:2)
  2 bullfrog skeletons
  Natasha (thrice) (D:3)
  5 hell rats (Hell)
  8 worker ants
  A killer bee zombie (D:8)
  4 ogre zombies (D:12)
  2 hound zombies
  A hound skeleton (D:5)
  10 mummies
  A worker ant zombie (D:5)
  10 adders
  4 gnolls (D:4)
  2 shadow imps
  6 white imps
  7 ufetubi
  4 oozes
  5 adder zombies
  A lava snake zombie (Crypt:1)
  A worm zombie (D:4)
  An adder skeleton (D:4)
  7 worms
  3 dart slugs
  6 leopard geckos
  79 orcs
  6 bats
  13 giant cockroaches
  5 goblins
  9 hobgoblins
  8 jackals
  7 quokkas
  2 ball pythons
  5 frilled lizards
  2 goblin skeletons (D:12)
  4 goblin zombies
  A hobgoblin skeleton (D:12)
  6 hobgoblin zombies
  3 jackal zombies (Ossuary)
  16 kobolds
  8 kobold zombies
  3 leopard gecko skeletons
  5 orc skeletons (D:12)
  11 orc zombies
  A quokka skeleton (D:6)
  4 quokka zombies (Ossuary)
  7 rats
  5 rat zombies
  2 bushes (Elf:2)
  2 fungi
  6 plants
  10 starspawn tentacles
1879 creatures vanquished.

Vanquished Creatures (collateral kills)
  the Royal Jelly (Slime:5)
  Gloorx Vloq (Pan)
  3 ancient liches
  2 orbs of fire
  Khufu (Crypt:2)
  The ghost of NorthaanB the Conqueror, a legendary DsFi of Qazlal (Pan)
  14 greater mummies
  Frederick (Crypt:1)
  Margery (Depths:5)
  Xtahua (Crypt:3)
  7 golden dragons
  2 curse toes
  2 pandemonium lords (Pan)
  A Tzitzimitl (Pan)
  An iron giant (Zig:8)
  3 liches
  2 Brimstone Fiends (Pan)
  12 tentacled monstrosities
  A Hell Sentinel (Pan)
  A quicksilver dragon (Zot:1)
  2 titans (Vaults:5)
  A deep elf blademaster (Elf:3)
  3 Orb Guardians (Zot:5)
  Murray (Hell)
  3 deep elf master archers
  2 death cobs
  20 acid blobs
  6 Executioners (Pan)
  An ancient champion (Tomb:1)
  7 shadow dragons
  A shadow dragon (shapeshifter) (Depths:5)
  5 storm dragons
  8 sphinxes
  3 thorn hunters
  Donald (Swamp:4)
  6 azure jellies
  2 revenants
  4 draconian monks
  5 tengu reavers
  A daeva (Abyss:1)
  4 frost giants
  3 draconian scorchers
  Aizul (Swamp:1)
  9 deep elf sorcerers
  5 vault wardens
  2 iron dragons
  6 fire giants
  6 cacodemons (Pan)
  Louise (Swamp:3)
  A ghost moth (Spider:4)
  2 angels (Vaults:1)
  2 curse skulls (Pan)
  3 emperor scorpions (Spider:4)
  4 balrugs (Pan)
  A warmonger (Pan)
  2 draconian stormcallers (Depths:5)
  2 orc warlords (Orc:2)
  A deep elf elementalist (Vaults:5)
  6 war gargoyles
  4 draconian shifters (Zot:3)
  21 very ugly things
  4 draconian annihilators
  A blood saint (Pan)
  A spriggan defender (Depths:3)
  16 stone giants
  6 reapers
  7 ironheart preservers
  An entropy weaver (Spider:4)
  4 green draconians
  A bennu (Tomb:1)
  5 purple draconians
  A vampire knight (Depths:5)
  8 yellow draconians
  7 deep elf demonologists
  6 white draconians
  13 deep elf annihilators
  Azrael (D:14)
  5 black draconians
  10 dire elephants
  A black sun (Pan)
  7 red draconians
  A halazid warlock (Desolation)
  11 deep elf death magi
  2 eidola
  A merfolk javelineer (Zig:9)
  6 ettins
  4 mummy priests (Tomb:1)
  A green death (Pan)
  4 death oozes (Slime:5)
  8 blizzard demons
  A jiangshi (Zig:7)
  5 fire dragons
  5 deep elf high priests (Elf:3)
  7 ragged hierophants (Desolation)
  17 yaktaur captains
  13 hydras
  4 servants of whispers (Desolation)
  11 great orbs of eyes
  14 vault guards
  A catoblepas (D:14)
  4 ice dragons
  2 rakshasas (Depths:3)
  Harold (D:11)
  A catoblepas (shapeshifter) (Vaults:5)
  7 peacekeepers (Desolation)
  A monstrous demonspawn (Pan)
  3 spriggan air magi
  An anaconda (Lair:6)
  8 centaur warriors
  A hell beast (Pan)
  A juggernaut simulacrum (Pan)
  A death knight (Vaults:3)
  21 dancing weapons
  2 ghost crabs
  12 alligators
  5 deep troll shamans
  4 tengu warriors
  2 spriggan berserkers (Depths:5)
  6 deep troll earth magi
  36 two-headed ogres
  12 ogre magi
  5 soul eaters
  13 deep elf knights
  2 vampire magi (Crypt:2)
  A thrashing horror (Abyss:1)
  Urug (D:13)
  2 iron golems (Hell)
  27 sun demons
  7 iron trolls
  12 skeletal warriors
  21 hell knights
  3 shadow wraiths
  10 sixfirhies (Pan)
  A spriggan druid (Swamp:4)
  A storm dragon skeleton (Crypt:3)
  A shadow demon (Pan)
  An unseen horror (D:13)
  2 anaconda zombies (Hell)
  A cherub (Depths:3)
  2 wizards
  18 deep trolls
  13 deep elf archers
  2 gelid demonspawn (Pan)
  15 swamp dragons
  A shadow dragon zombie (Crypt:2)
  2 golden dragon zombies (Zig:8)
  4 glowing orange brains
  2 torturous demonspawn (Pan)
  6 flayed ghosts
  14 orc knights
  An anaconda skeleton (Crypt:2)
  8 phantasmal warriors
  10 necromancers
  7 ironbrand convokers
  A harpy (shapeshifter) (Elf:1)
  7 orb spiders
  2 manticores
  An orb spider (shapeshifter) (Vaults:2)
  2 fire giant zombies
  45 deep elf magi
  5 orc sorcerers (Orc:2)
  36 ugly things
  21 wolf spiders
  2 shining eyes (Slime:5)
  2 stone giant zombies (Hell)
  5 oklob plants (Zig:9)
  A sphinx skeleton (Vaults:4)
  A shadow dragon skeleton (Crypt:3)
  4 cyclopes
  2 frost giant zombies
  A manticore (shapeshifter) (Vaults:5)
  8 moths of wrath
  A salamander (shapeshifter) (Vaults:2)
  2 tengu skeletons (Vaults:2)
  A shock serpent zombie (Tomb:1)
  A black mamba (Lair:6)
  4 rust devils
  A centaur zombie (D:15)
  3 elephants
  4 stone giant skeletons
  A black mamba (shapeshifter) (Elf:1)
  A molten gargoyle (Hell)
  7 smoke demons
  3 torpor snails
  5 ice statues (IceCv)
  5 guardian serpents (Desolation)
  A frost giant skeleton (Vaults:2)
  A gargoyle (D:14)
  11 vault sentinels
  13 orange demons
  4 spiny frogs
  A yaktaur zombie (Vaults:4)
  A centaur skeleton (D:14)
  A hellion (Zig:2)
  An efreet (D:15)
  9 ice devils
  28 yaktaurs
  3 rime drakes (Swamp:4)
  2 alligator snapping turtle skeletons (Crypt:2)
  3 hellwings (Pan)
  11 demonic crawlers
  2 komodo dragons (shapeshifter)
  3 tormentors (Pan)
  A golden dragon simulacrum (Vaults:4)
  16 red devils
  A yaktaur skeleton (Vaults:2)
  7 freezing wraiths
  2 hydra zombies (Hell)
  2 tengu conjurers
  10 guardian mummies
  A troll (shapeshifter) (D:14)
  5 hornets
  3 meliai (D:13)
  10 tyrant leeches
  8 bog bodies
  A harpy skeleton (Crypt:2)
  55 saltlings (Desolation)
  2 trolls (Orc:2)
  A wind drake (shapeshifter) (D:14)
  15 jumping spiders
  A blink frog (Swamp:4)
  A minotaur skeleton (Crypt:2)
  An ettin zombie (Tomb:1)
  57 slime creatures
  A fire dragon zombie (Hell)
  A spriggan zombie (Zig:8)
  An alligator zombie (Tomb:1)
  A hippogriff (D:14)
  2 alligator skeletons
  2 ettin skeletons (Crypt:3)
  2 ice dragon skeletons
  44 redbacks
  4 shadows
  5 water elementals
  5 flying skulls (Tomb:1)
  A vampire (D:15)
  A spriggan (D:11)
  9 tarantellas
  5 ynoxinuls (Pan)
  12 yaks
  3 basilisks
  5 air elementals
  9 wraiths
  A human (shapeshifter) (Vaults:4)
  12 humans (D:13)
  4 ushabtiu
  A black mamba skeleton (Crypt:1)
  A golden eye (Slime:1)
  A yak (shapeshifter) (D:14)
  7 neqoxecs (Pan)
  26 fire elementals
  A golden eye (shapeshifter) (Vaults:4)
  25 vampire mosquitoes
  6 chaos spawn (Pan)
  4 wargs
  3 hungry ghosts (Crypt:3)
  A gelid demonspawn zombie (Crypt:1)
  13 large abominations
  21 insubstantial wisps
  A tengu zombie (Hell)
  12 swamp worms
  3 water moccasins (Lair:6)
  2 acid dragons
  3 hell hounds
  A merfolk zombie (Crypt:1)
  2 spiny frog zombies (Hell)
  A hornet zombie (D:14)
  13 swamp drakes
  A sky beast (shapeshifter) (Vaults:4)
  33 orc warriors
  18 ogres
  3 wolves (Lair:6)
  3 boggarts (Vaults:3)
  A snapping turtle skeleton (Crypt:3)
  2 centaurs (D:13)
  6 eyes of draining
  4 crocodiles (Lair:6)
  An elf skeleton (Vaults:2)
  6 bullfrogs
  4 earth elementals
  3 human skeletons (Vaults:2)
  6 killer bees (Spider:4)
  15 wights
  2 electric eels
  3 crimson imps
  A quasit (Depths:3)
  3 jellies (Lair:6)
  18 orc wizards
  5 orc priests
  3 iron imps
  An iguana (D:14)
  A lightning spire (Zig:5)
  A worker ant (D:14)
  2 hell rats (Hell)
  A spriggan simulacrum (IceCv)
  2 troll simulacra (IceCv)
  4 centaur simulacra (IceCv)
  A big kobold skeleton (Crypt:1)
  An ogre skeleton (Crypt:3)
  21 mummies
  4 gnolls (Orc:2)
  An ogre simulacrum (IceCv)
  2 naga simulacra (IceCv)
  A swamp drake skeleton (Crypt:2)
  2 ufetubi (Depths:3)
  2 ball lightnings
  36 orcs
  An orc (shapeshifter) (Vaults:5)
  A ball python zombie (Crypt:2)
  An orc zombie (D:15)
  A briar patch (Swamp:4)
  8 bushes
  A fire vortex (Pan)
  19 fungi
  11 plants
  30 withered plants (Crypt:3)
1849 creatures vanquished.

Vanquished Creatures (others)
  An eldritch tentacle (Pan)
  A yaktaur captain (Depths:5)
  A merfolk impaler (Depths:4)
  2 death scarabs (Tomb:2)
  A shadow wraith (Vaults:5)
  A large abomination (Abyss:3)
  2 orb spiders (Spider:3)
  A wizard (D:6)
  An ice devil (Zig:8)
  A hydra skeleton (Hell)
  2 water elementals (Depths:4)
  2 orc wizards
  13 ball lightnings (Pan)
  An orc (Orc:2)
  A quokka (D:15)
  2 briar patches (Swamp:4)
  A fire vortex (Pan)
  2 fungi (Lair:6)
  A lurking horror (Abyss:1)
  11 plants
  31 starspawn tentacles
79 creatures vanquished.

Grand Total: 3807 creatures vanquished

Notes
Turn   | Place    | Note
-------+----------+-------------------------------------------
     0 | D:1      | glosham the Mummy Earth Elementalist began the quest for the Orb.
     0 | D:1      | Reached XP level 1. HP: 13/13 MP: 4/4
    39 | D:2      | Reached skill level 3 in Spellcasting
   117 | D:1      | Reached XP level 2. HP: 18/19 MP: 4/6
   121 | D:1      | Learned a level 2 spell: Passwall
   242 | D:1      | Reached skill level 4 in Spellcasting
   470 | D:1      | Reached XP level 3. HP: 12/24 MP: 8/8
   822 | D:3      | Reached skill level 5 in Spellcasting
   895 | D:4      | Noticed Grinder
   962 | D:4      | Found a sand-covered staircase.
   986 | Ossuary  | Entered an ossuary
  1130 | Ossuary  | HP: 1/24 [centaur zombie (7)]
  1131 | Ossuary  | Reached XP level 4. HP: 2/30 MP: 7/11
  1442 | Ossuary  | Reached skill level 6 in Spellcasting
  1442 | Ossuary  | Reached XP level 5. HP: 14/35 MP: 1/14
  1695 | Ossuary  | Reached skill level 7 in Spellcasting
  1768 | Ossuary  | Reached XP level 6. HP: 13/41 MP: 13/16
  2087 | Ossuary  | Reached skill level 8 in Spellcasting
  2839 | D:4      | Reached skill level 9 in Spellcasting
  2949 | D:4      | Reached XP level 7. HP: 36/46 MP: 19/19
  3162 | D:4      | Noticed Blork the orc
  3173 | D:4      | Killed Blork the orc
  3185 | D:4      | Noticed Menkaure
  3211 | D:4      | Reached skill level 10 in Spellcasting
  3251 | D:4      | Killed Menkaure
  3460 | D:4      | Paralysed by Grinder for 7 turns
  3467 | D:4      | Killed Grinder
  3467 | D:4      | Reached skill level 11 in Spellcasting
  3467 | D:4      | Reached XP level 8. HP: 52/52 MP: 15/23
  3527 | D:5      | Entered Level 5 of the Dungeon
  3715 | D:5      | Found a staircase to the Ecumenical Temple.
  3724 | Temple   | Entered the Ecumenical Temple
  3759 | Temple   | Became a worshipper of Kikubaaqudgha
  3916 | D:3      | Reached skill level 1 in Necromancy
  4149 | D:2      | Noticed Terence
  4150 | D:2      | Noticed Terence
  4150 | D:2      | Terence changed into Terence the giant cockroach
  4153 | D:2      | Killed Terence the giant cockroach
  4205 | D:2      | Reached skill level 2 in Necromancy
  4284 | D:2      | Reached * piety under Kikubaaqudgha
  4284 | D:2      | Identified Kikubaaqudgha's Handbook of Darkness (Kikubaaqudgha gifted it to you on level 2 of the Dungeon)
  4284 | D:2      | Received a gift from Kikubaaqudgha
  4292 | D:2      | Learned a level 3 spell: Vampiric Draining
  4295 | D:2      | Learned a level 2 spell: Corpse Rot
  4358 | D:2      | Noticed Jessica
  4360 | D:2      | Killed Jessica
  4691 | D:3      | Reached skill level 3 in Necromancy
  4795 | D:3      | Noticed Natasha
  4802 | D:3      | Killed Natasha
  4853 | D:3      | Noticed Natasha
  4863 | D:3      | Killed Natasha
  4892 | D:3      | Noticed Natasha
  4898 | D:3      | Killed Natasha
  4996 | D:3      | Found a runed door.
  5000 | D:3      | Noticed Crazy Yiuf
  5002 | D:3      | Killed Crazy Yiuf
  5002 | D:3      | Reached skill level 4 in Necromancy
  5246 | D:5      | Reached ** piety under Kikubaaqudgha
  5491 | D:5      | Reached skill level 5 in Necromancy
  5626 | D:6      | Noticed Edmund
  5638 | D:6      | Killed Edmund
  5650 | D:6      | Reached skill level 6 in Necromancy
  5661 | D:6      | Found a bloodstained altar of Trog.
  5662 | D:6      | Noticed a wizard
  5668 | D:6      | Killed a wizard
  5672 | D:6      | Learned a level 5 spell: Lee's Rapid Deconstruction
  5710 | D:6      | Found Xobb's Assorted Antiques.
  5714 | D:6      | Reached XP level 9. HP: 42/57 MP: 7/24
  5722 | D:6      | Bought a scroll labeled YTSUPAYLIO for 26 gold pieces
  5722 | D:6      | Bought a knobbly cabochon ring for 130 gold pieces
  5722 | D:6      | Bought a pair of boots for 117 gold pieces
  5807 | D:6      | Found Nonoos's Antique Armour Shoppe.
  5965 | D:6      | Found Woocouq's Food Boutique.
  6116 | D:6      | Found a white marble altar of Elyvilon.
  6184 | D:6      | Found Ebrujeb's Antique Weapon Boutique.
  6216 | D:6      | Found Siexuczoe's Distillery.
  6225 | D:6      | Reached skill level 7 in Necromancy
  6622 | D:7      | Reached skill level 8 in Necromancy
  6761 | D:7      | Reached *** piety under Kikubaaqudgha
  6761 | D:7      | Identified Kikubaaqudgha's Reference Book on Necromancy (Kikubaaqudgha gifted it to you on level 7 of the Dungeon)
  6761 | D:7      | Received a gift from Kikubaaqudgha
  6770 | D:7      | Learned a level 5 spell: Dispel Undead
  6776 | D:7      | Learned a level 5 spell: Borgnjor's Vile Clutch
  7329 | D:8      | Reached skill level 3 in Earth Magic
  7424 | D:8      | Reached skill level 9 in Necromancy
  7569 | D:8      | Reached skill level 4 in Earth Magic
  7789 | D:9      | You fall through a shaft for 2 floors!
  7789 | D:11     | Found a staircase to the Lair.
  7789 | D:11     | Noticed a komodo dragon
  7789 | D:11     | Noticed Harold
  7794 | D:11     | HP: 3/57 [Harold/bolt of fire (54)]
  7800 | D:11     | Noticed a kobold demonologist
  7842 | D:11     | HP: 2/57 [wyvern (14)]
  7843 | D:11     | Reached XP level 10. HP: 3/63 MP: 7/25
  7850 | D:11     | Learned a level 1 spell: Animate Skeleton
  7951 | D:11     | Killed Harold
  7951 | D:11     | Reached skill level 5 in Earth Magic
  7962 | D:11     | Reached **** piety under Kikubaaqudgha
  7971 | D:11     | Reached skill level 10 in Necromancy
  8012 | D:11     | Found Nisyigg's Magic Scroll Shoppe.
  8029 | D:10     | Entered Level 10 of the Dungeon
  8143 | D:9      | Reached skill level 12 in Spellcasting
  8291 | D:9      | Found Hocon's Magic Scroll Shop.
  8402 | D:9      | Noticed a two-headed ogre
  8409 | D:9      | Killed a two-headed ogre
  8569 | D:9      | Reached skill level 6 in Earth Magic
  8596 | D:9      | Reached ***** piety under Kikubaaqudgha
  8740 | D:9      | Identified the +2 short sword "Zaeq" {holy, rC+ Int+2 Dex-2} (You found it on level 9 of the Dungeon)
  8968 | D:10     | Learned a level 5 spell: Bolt of Draining
  9126 | D:10     | Reached skill level 1 in Armour
  9229 | D:10     | Reached XP level 11. HP: 58/68 MP: 7/27
  9495 | D:10     | Reached skill level 11 in Necromancy
  9786 | D:11     | Reached skill level 13 in Spellcasting
  9814 | D:11     | Reached skill level 1 in Conjurations
 10196 | D:12     | Found a staircase to the Orcish Mines.
 10232 | D:12     | Reached ****** piety under Kikubaaqudgha
 10433 | D:12     | Found Hidast's Humungous Hoard.
 10588 | D:12     | Reached skill level 2 in Conjurations
 10675 | D:12     | Noticed soepske's ghost (journeyman DrAE)
 10679 | D:12     | Killed soepske's ghost
 10679 | D:12     | Reached skill level 7 in Earth Magic
 10925 | D:12     | Received a gift from Kikubaaqudgha
 10935 | D:12     | Learned a level 8 spell: Infestation
 10969 | Orc:1    | Entered Level 1 of the Orcish Mines
 10998 | Orc:1    | Found a burning altar of Makhleb.
 11187 | Orc:1    | Noticed Josephine
 11196 | Orc:1    | Killed Josephine
 11196 | Orc:1    | Reached skill level 14 in Spellcasting
 11196 | Orc:1    | Reached skill level 12 in Necromancy
 11291 | Orc:1    | Noticed an orc knight
 11296 | Orc:1    | Killed an orc knight
 11506 | Lair:1   | Entered Level 1 of the Lair of Beasts
 11542 | Lair:1   | Identified the +0 pair of boots of Darkness {rF+ rC+ Str+3 Dex+2} (You found it on level 1 of the Lair of Beasts)
 11676 | Lair:1   | Reached XP level 12. HP: 74/74 MP: 19/30
 11828 | Lair:1   | Noticed Sonja
 11837 | Lair:1   | Killed Sonja
 12124 | Lair:2   | Reached skill level 15 in Spellcasting
 12162 | Lair:2   | Noticed a four-headed hydra
 12170 | Lair:2   | Reached skill level 13 in Necromancy
 12173 | Lair:2   | Killed a four-headed hydra
 12454 | Lair:2   | Learned a level 1 spell: Apportation
 12863 | Lair:3   | Noticed a death yak
 12865 | Lair:3   | Noticed a death yak
 12865 | Lair:3   | Noticed a death yak
 12871 | Lair:3   | Killed a death yak
 12874 | Lair:3   | Killed a death yak
 12875 | Lair:3   | Killed a death yak
 12875 | Lair:3   | Reached skill level 16 in Spellcasting
 13004 | Lair:3   | Identified the +2 leather armour of Tulygrabey {rElec rF+ Dex+3} (You found it on level 3 of the Lair of Beasts)
 13337 | Lair:3   | Reached skill level 14 in Necromancy
 13617 | Lair:4   | Noticed a five-headed hydra
 13644 | Lair:4   | Gained mutation: You are in touch with the powers of death. [Mummy growth]
 13644 | Lair:4   | Reached XP level 13. HP: 79/79 MP: 15/33
 13931 | Lair:4   | Noticed Nessos
 13938 | Lair:4   | Killed Nessos
 14135 | Lair:4   | Found a hole to the Spider Nest.
 14183 | Lair:4   | Noticed Rupert
 14191 | Lair:4   | Killed Rupert
 14191 | Lair:4   | Reached skill level 17 in Spellcasting
 14281 | Lair:4   | Found a staircase to the Swamp.
 14382 | Lair:5   | Found a dark tunnel.
 14390 | Volcano  | Entered a volcano
 14410 | Volcano  | Found a burning altar of Makhleb.
 14542 | Volcano  | Noticed a red draconian
 14549 | Volcano  | Killed a red draconian
 14549 | Volcano  | Reached skill level 15 in Necromancy
 15012 | Lair:6   | Entered Level 6 of the Lair of Beasts
 15155 | Lair:6   | Found a runed door.
 15161 | Lair:6   | Found a viscous altar of Jiyva.
 15161 | Lair:6   | Found a staircase to the Slime Pits.
 15387 | Lair:6   | Learned a level 2 spell: Blink
 15392 | Lair:6   | Learned a level 4 spell: Passage of Golubria
 15581 | Lair:6   | Reached skill level 18 in Spellcasting
 15688 | Lair:6   | Noticed a dire elephant
 15688 | Lair:6   | Noticed a dire elephant
 15693 | Lair:6   | Killed a dire elephant
 15697 | Lair:6   | Killed a dire elephant
 15740 | Lair:6   | Noticed a dire elephant
 15745 | Lair:6   | Killed a dire elephant
 15784 | Lair:6   | Noticed a dire elephant
 15788 | Lair:6   | Killed a dire elephant
 15791 | Lair:6   | Noticed a dire elephant
 15794 | Lair:6   | Killed a dire elephant
 15803 | Lair:6   | Noticed a dire elephant
 15809 | Lair:6   | Killed a dire elephant
 15809 | Lair:6   | Reached XP level 14. HP: 85/85 MP: 6/36
 16065 | D:9      | Bought a scroll of enchant weapon for 112 gold pieces
 16065 | D:9      | Bought 2 scrolls of fear for 105 gold pieces
 16065 | D:9      | Bought a scroll of enchant armour for 112 gold pieces
 16065 | D:9      | Bought a scroll of fog for 30 gold pieces
 16065 | D:9      | Bought a scroll of fog for 30 gold pieces
 16065 | D:9      | Bought a scroll of fear for 52 gold pieces
 16065 | D:9      | Bought a scroll of enchant weapon for 112 gold pieces
 16156 | D:11     | Bought a scroll of blinking for 105 gold pieces
 16207 | Orc:2    | Entered Level 2 of the Orcish Mines
 16207 | Orc:2    | Found a staircase to the Elven Halls.
 16207 | Orc:2    | Noticed an orc warlord
 16218 | Orc:2    | Noticed an orc warlord
 16219 | Orc:2    | Killed an orc warlord
 16222 | Orc:2    | Killed an orc warlord
 16542 | Orc:2    | Found Deczennol's Magic Scroll Shoppe.
 16556 | Orc:2    | Bought a scroll of fog for 34 gold pieces
 16556 | Orc:2    | Bought a scroll of fog for 34 gold pieces
 16569 | Orc:2    | Found an ancient bone altar of Kikubaaqudgha.
 16622 | Orc:2    | Found a radiant altar of Vehumet.
 16661 | Orc:2    | Reached skill level 16 in Necromancy
 16664 | Orc:2    | Found a roughly hewn altar of Beogh.
 16664 | Orc:2    | Found Kaimpyul's Book Shoppe.
 16664 | Orc:2    | Found Kaargh's Book Emporium.
 16688 | Orc:2    | Found Hikhlepp's Antique Weapon Shoppe.
 16936 | D:13     | Found Ymen's Elemental Accessories.
 17086 | D:13     | Found a frozen archway.
 17135 | IceCv    | Entered an ice cave
 17392 | IceCv    | Identified the +7 quarterstaff "Pyfoap" {drain, *Contam Int+5} (You found it in an ice cave)
 17398 | IceCv    | Identified the +1 hunting sling of Autumn {velocity, rPois MP+9 Int-2 Stlth+} (You found it in an ice cave)
 17857 | D:13     | Noticed Urug
 17861 | D:13     | Reached skill level 19 in Spellcasting
 17863 | D:13     | Found a gate to the Vaults.
 17863 | D:13     | Killed Urug
 18234 | D:14     | Noticed a fire giant
 18242 | D:14     | Killed a fire giant
 18327 | D:14     | Identified the +2 buckler of Impermeability {rElec MP+9 Dex+3} (You found it on level 14 of the Dungeon)
 18375 | D:14     | Noticed a frost giant
 18386 | D:14     | Killed a frost giant
 18386 | D:14     | Reached skill level 1 in Shields
 18416 | D:14     | Noticed a tengu reaver
 18425 | D:14     | Killed a tengu reaver
 18425 | D:14     | Reached skill level 2 in Shields
 18469 | D:14     | Identified the +3 shadow dragon scales of Naotuh {Str+4 Stlth++++} (You found it on level 14 of the Dungeon)
 18520 | D:14     | Identified the +6 great mace "Rulyos" {freeze, rN++} (You found it on level 14 of the Dungeon)
 18680 | D:14     | Reached skill level 3 in Shields
 18844 | D:14     | Noticed Azrael
 18848 | D:14     | Killed Azrael
 18848 | D:14     | Reached XP level 15. HP: 90/90 MP: 25/38
 18926 | D:15     | Entered Level 15 of the Dungeon
 19191 | D:15     | Reached skill level 17 in Necromancy
 19239 | D:15     | Reached skill level 4 in Shields
 19317 | D:15     | Found a roughly hewn altar of Beogh.
 19469 | D:15     | Found a white marble altar of Elyvilon.
 19655 | D:15     | Found a staircase to the Depths.
 19940 | D:13     | Bought the Almanac of the Frostbite for 575 gold pieces
 19944 | D:13     | Learned a level 3 spell: Ozocubu's Armour
 19953 | D:13     | Learned a level 7 spell: Haunt
 20148 | Elf:1    | Entered Level 1 of the Elven Halls
 20151 | Elf:1    | Reached skill level 20 in Spellcasting
 20181 | Elf:1    | Identified the +6 scale mail of the Prince {rElec rN+ Int+2 Stlth+} (You found it on level 1 of the Elven Halls)
 20799 | Elf:1    | Found Zantelust's Magic Scroll Boutique.
 20879 | Elf:2    | Found a runed gate.
 20879 | Elf:2    | Found a runed gate.
 20879 | Elf:2    | Found a runed gate.
 20941 | Elf:2    | Reached skill level 1 in Summonings
 21046 | Elf:2    | Reached skill level 18 in Necromancy
 21087 | Elf:2    | Reached skill level 2 in Summonings
 21111 | Elf:2    | Reached skill level 21 in Spellcasting
 21379 | Elf:2    | Reached XP level 16. HP: 96/96 MP: 30/41
 21584 | Elf:3    | Entered Level 3 of the Elven Halls
 21940 | Elf:3    | Found Zoasucoodgh's Magic Scroll Shoppe.
 22179 | Elf:3    | Reached skill level 19 in Necromancy
 22326 | Elf:3    | Reached skill level 22 in Spellcasting
 22422 | Elf:3    | Noticed a deep elf blademaster
 22425 | Elf:3    | Killed a deep elf blademaster
 22425 | Elf:3    | Reached skill level 1 in Translocations
 22427 | Elf:3    | Noticed a deep elf master archer
 22428 | Elf:3    | Noticed an Ice Fiend
 22428 | Elf:3    | Killed a deep elf master archer
 22430 | Elf:3    | Noticed an Executioner
 22434 | Elf:3    | Noticed a deep elf blademaster
 22436 | Elf:3    | Killed a deep elf blademaster
 22458 | Elf:3    | Identified the +0 robe of Ruiso {rPois MR+ Int-4 Dex+3} (You took it off a deep elf mage on level 3 of the Elven Halls)
 22496 | Elf:3    | Noticed a deep elf master archer
 22500 | Elf:3    | Killed a deep elf master archer
 22500 | Elf:3    | Reached skill level 2 in Translocations
 22504 | Elf:3    | Identified the cursed +0 storm dragon scales "Ukhlaalu" {rElec Int+2} (You took it off a deep elf high priest on level 3 of the Elven Halls)
 22519 | Elf:3    | Identified the ring "Yphyd" {AC+1 Str+4} (You took it off a deep elf archer on level 3 of the Elven Halls)
 22522 | Elf:3    | Identified the +9 halberd of the First Princes {speed, +Rage} (You took it off a deep elf knight on level 3 of the Elven Halls)
 22527 | Elf:3    | Reached XP level 17. HP: 66/101 MP: 8/43
 22974 | D:15     | Learned a level 6 spell: Simulacrum
 23188 | Swamp:1  | Entered Level 1 of the Swamp
 23403 | Swamp:1  | Noticed Aizul
 23411 | Swamp:1  | Killed Aizul
 24043 | Swamp:4  | Entered Level 4 of the Swamp
 24088 | Swamp:4  | Noticed Donald
 24094 | Swamp:4  | Killed Donald
 24137 | Swamp:4  | Found an ancient bone altar of Kikubaaqudgha.
 24166 | Swamp:4  | Reached skill level 20 in Necromancy
 24172 | Swamp:4  | Reached skill level 23 in Spellcasting
 24424 | Swamp:4  | Got a decaying rune of Zot
 24717 | Swamp:3  | Identified the +10 glaive of Valiance {chop, Fragile MR+ MP+9 SInv} (You found it on level 3 of the Swamp)
 24995 | Swamp:3  | Noticed Louise
 25005 | Swamp:3  | Killed Louise
 25569 | Orc:2    | Bought a warped broad axe for 234 gold pieces
 25569 | Orc:2    | Identified the +9 broad axe of Prudence {freeze, Int+2} (You bought it in a shop on level 2 of the Orcish Mines)
 25772 | D:15     | Learned a level 6 spell: Iron Shot
 25840 | Vaults:1 | Entered Level 1 of the Vaults
 26057 | Vaults:1 | Reached skill level 3 in Conjurations
 26298 | Vaults:1 | Reached skill level 3 in Summonings
 26346 | Vaults:1 | Found a glowing golden altar of the Shining One.
 26346 | Vaults:1 | Found a glowing silver altar of Zin.
 26355 | Vaults:1 | Found a white marble altar of Elyvilon.
 26356 | Vaults:1 | Found a ruined gateway.
 26419 | Desolati | Entered the Desolation of Salt
 26524 | Desolati | Reached skill level 4 in Conjurations
 26584 | Desolati | Reached XP level 18. HP: 89/107 MP: 45/45
 26622 | Desolati | Reached skill level 8 in Earth Magic
 26627 | Desolati | Identified the ring of Gokk {*Slow rF+ rC+ rN+++ Stlth-} (You found it in the Desolation of Salt)
 26629 | Desolati | Identified the +6 large shield "Lititopu" {rF+ Str+3 SInv} (You found it in the Desolation of Salt)
 26632 | Desolati | Identified the +3 hand axe of Wyrd {chop, rElec Int+2} (You found it in the Desolation of Salt)
 26677 | Desolati | Identified the amulet "Dohix" {Inacc rN+} (You found it in the Desolation of Salt)
 26683 | Desolati | Identified the +2 pair of boots of Jigsaw {rPois rN++ rCorr Stlth-} (You found it in the Desolation of Salt)
 26690 | Desolati | Identified the Incunabulum of Feathery Moulding
 26696 | Desolati | Got a glittering golden ring
 26704 | Desolati | Reached skill level 4 in Summonings
 26867 | Desolati | Reached skill level 5 in Conjurations
 26897 | Desolati | Got a pitted glass ring
 26900 | Desolati | Got a twisted trident
 26902 | Desolati | Identified the Incunabulum of Congealing Transformation
 27303 | D:11     | Bought a scroll of identify for 28 gold pieces
 27303 | D:11     | Identified the ring of Incredulity {rN+ MR+ Str+4} (You found it in the Desolation of Salt)
 27406 | Elf:1    | Bought a scroll of identify for 24 gold pieces
 27406 | Elf:1    | Bought a scroll of identify for 24 gold pieces
 27406 | Elf:1    | Bought a scroll of identify for 24 gold pieces
 27406 | Elf:1    | Bought a scroll of identify for 24 gold pieces
 27406 | Elf:1    | Identified the ring of a Billion Coins {Int+3 Stlth+} (You found it in the Desolation of Salt)
 27408 | Elf:1    | Identified the +6 trident of Bilor {drain, rElec rC- rN++ MR+++} (You found it in the Desolation of Salt)
 27456 | Elf:3    | Bought a scroll of teleportation for 57 gold pieces
 27456 | Elf:3    | Bought a scroll of enchant armour for 142 gold pieces
 27456 | Elf:3    | Bought a scroll of magic mapping for 66 gold pieces
 27456 | Elf:3    | Bought a scroll of fear for 66 gold pieces
 27456 | Elf:3    | Bought a scroll of identify for 38 gold pieces
 27456 | Elf:3    | Bought a scroll of identify for 38 gold pieces
 27456 | Elf:3    | Bought a scroll of identify for 38 gold pieces
 27503 | Elf:1    | Bought a scroll of magic mapping for 42 gold pieces
 27612 | Orc:2    | Bought a scroll of fear for 59 gold pieces
 27612 | Orc:2    | Bought a scroll of identify for 34 gold pieces
 27612 | Orc:2    | Bought a scroll of teleportation for 51 gold pieces
 27612 | Orc:2    | Bought a scroll of fear for 59 gold pieces
 27758 | D:9      | Bought a scroll of identify for 30 gold pieces
 27758 | D:9      | Bought a scroll of identify for 30 gold pieces
 28308 | Vaults:2 | Reached skill level 9 in Earth Magic
 28331 | Vaults:2 | Found a staircase to the Crypt.
 28333 | Vaults:2 | Reached skill level 6 in Conjurations
 28538 | Vaults:2 | Reached skill level 5 in Summonings
 28600 | Vaults:2 | Found Ingioc's Book Boutique.
 28927 | Vaults:2 | Reached skill level 7 in Conjurations
 29100 | Vaults:3 | Found a magical portal.
 29107 | WizLab   | Entered Wucad Mu's Monastery
 29172 | WizLab   | Found the +9 staff of Wucad Mu {channel}
 29180 | WizLab   | HP: 6/107 [phantasmal warrior[the player character] (18)]
 29290 | Vaults:3 | Reached skill level 10 in Earth Magic
 29317 | Vaults:3 | Found Igylas's General Store.
 29339 | Vaults:3 | Found a flickering gateway to a bazaar.
 29344 | Bazaar   | Entered a bazaar
 29346 | Bazaar   | Found Ushroud's Weapon Boutique.
 29350 | Bazaar   | Found Hagat's Food Boutique.
 29350 | Bazaar   | Found Wuufry's Antique Weapon Boutique.
 29350 | Bazaar   | Found Fogol's Gadget Boutique.
 29371 | Bazaar   | Bought the +4 dagger "Morg" {pain, MR+ Int+5} for 1202 gold pieces
 29371 | Bazaar   | Found the +4 dagger "Morg" {pain, MR+ Int+5}
 29440 | Vaults:3 | Found Letauho's Jewellery Shoppe.
 29589 | Vaults:3 | Noticed a tentacled monstrosity
 29594 | Vaults:3 | Found the +8 glaive of the Guard {elec, +Rage AC+5 SInv}
 29600 | Vaults:3 | Reached skill level 24 in Spellcasting
 29601 | Vaults:3 | Killed a tentacled monstrosity
 29692 | Vaults:3 | Reached XP level 19. HP: 92/112 MP: 33/47
 29911 | Vaults:3 | Found Vovug's Gadget Shop.
 30681 | Vaults:4 | Reached skill level 25 in Spellcasting
 30764 | Vaults:4 | Reached skill level 1 in Fighting
 30779 | Vaults:4 | Reached skill level 2 in Dodging
 31011 | Crypt:1  | Entered Level 1 of the Crypt
 31019 | Crypt:1  | Reached skill level 2 in Fighting
 31132 | Crypt:1  | Noticed Sojobo
 31143 | Crypt:1  | Killed Sojobo
 31143 | Crypt:1  | Reached skill level 3 in Fighting
 31143 | Crypt:1  | Reached skill level 3 in Dodging
 31145 | Crypt:1  | Noticed Frederick
 31148 | Crypt:1  | Killed Frederick
 31229 | Crypt:1  | Reached skill level 4 in Fighting
 31249 | Crypt:1  | You fall through a shaft!
 31305 | Crypt:2  | Reached skill level 4 in Dodging
 31653 | Crypt:2  | Noticed a greater mummy
 31675 | Crypt:2  | Noticed Khufu
 31675 | Crypt:2  | Killed a greater mummy
 31675 | Crypt:2  | Reached skill level 5 in Fighting
 31683 | Crypt:2  | Noticed a greater mummy
 31688 | Crypt:2  | Killed a greater mummy
 31704 | Crypt:2  | Killed Khufu
 31704 | Crypt:2  | Reached skill level 5 in Dodging
 32062 | Crypt:3  | Entered Level 3 of the Crypt
 32150 | Crypt:3  | Reached skill level 6 in Fighting
 32156 | Crypt:3  | Identified the +4 hunting sling "Codduop" {venom, rN+ MR+} (You found it on level 3 of the Crypt)
 32168 | Crypt:3  | Identified the cursed +1 leather armour of the Eight People {MR+ Regen+ Int+2 Stlth-} (You found it on level 3 of the Crypt)
 32511 | Crypt:3  | Identified Sif Muna's Reference Book on Harmful Companions
 32608 | Crypt:3  | Reached skill level 6 in Dodging
 32756 | Crypt:3  | Found a staircase to the Tomb.
 32776 | Crypt:3  | Identified the ring "Umai" {rPois rC+ rN+ Int+2} (You found it on level 3 of the Crypt)
 32778 | Crypt:3  | Identified the ring of Dishonesty {*Corrode rN+ Str+3 Stlth+} (You found it on level 3 of the Crypt)
 32781 | Crypt:3  | Identified the amulet "Rism" {*Corrode +Rage rElec Dex+6} (You found it on level 3 of the Crypt)
 32798 | Crypt:3  | Noticed an ancient lich
 32808 | Crypt:3  | Killed an ancient lich
 32808 | Crypt:3  | Reached skill level 7 in Fighting
 32808 | Crypt:3  | Reached XP level 20. HP: 123/139 MP: 49/49
 33051 | Crypt:3  | Identified Kikubaaqudgha's Compendium of Evil Arts
 33205 | Crypt:3  | Noticed an ancient lich
 33208 | Crypt:3  | Found an ancient bone altar of Kikubaaqudgha.
 33209 | Crypt:3  | Killed an ancient lich
 33209 | Crypt:3  | Reached skill level 8 in Fighting
 33214 | Crypt:3  | Reached skill level 7 in Dodging
 33216 | Crypt:3  | Noticed an ancient lich
 33221 | Crypt:3  | Killed an ancient lich
 33224 | Crypt:3  | Noticed Xtahua
 33228 | Crypt:3  | Killed Xtahua
 33421 | Tomb:1   | Entered Level 1 of the Tomb of the Ancients
 33473 | Tomb:1   | Reached skill level 1 in Evocations
 33488 | Tomb:1   | Identified the +6 scale mail of Recklessness {MR+++ Regen+ Str+3 Int-5} (You found it on level 1 of the Tomb of the Ancients)
 33521 | Tomb:1   | Reached skill level 2 in Evocations
 33766 | Tomb:1   | Reached skill level 3 in Evocations
 33778 | Tomb:1   | Noticed a greater mummy
 33783 | Tomb:1   | Killed a greater mummy
 33811 | Tomb:1   | Reached skill level 4 in Evocations
 33874 | Tomb:1   | Noticed a greater mummy
 33881 | Tomb:1   | Killed a greater mummy
 33899 | Tomb:1   | Reached skill level 5 in Evocations
 33984 | Tomb:1   | Noticed a greater mummy
 33986 | Tomb:1   | Noticed a greater mummy
 33990 | Tomb:1   | Killed a greater mummy
 33992 | Tomb:1   | Noticed a greater mummy
 33993 | Tomb:1   | Killed a greater mummy
 33993 | Tomb:1   | Reached skill level 6 in Evocations
 33994 | Tomb:1   | Noticed a greater mummy
 33995 | Tomb:1   | Killed a greater mummy
 33995 | Tomb:1   | Killed a greater mummy
 33995 | Tomb:1   | Reached skill level 7 in Evocations
 33996 | Tomb:1   | Noticed a greater mummy
 33998 | Tomb:1   | Noticed a greater mummy
 33999 | Tomb:1   | Killed a greater mummy
 33999 | Tomb:1   | Killed a greater mummy
 34005 | Tomb:1   | Noticed a greater mummy
 34005 | Tomb:1   | Noticed a greater mummy
 34009 | Tomb:1   | Killed a greater mummy
 34011 | Tomb:1   | Killed a greater mummy
 34068 | Tomb:1   | Noticed a greater mummy
 34070 | Tomb:1   | Noticed a greater mummy
 34075 | Tomb:1   | Killed a greater mummy
 34075 | Tomb:1   | Reached skill level 9 in Fighting
 34075 | Tomb:1   | Reached skill level 8 in Evocations
 34077 | Tomb:1   | Killed a greater mummy
 34140 | Tomb:1   | Noticed a greater mummy
 34147 | Tomb:1   | Killed a greater mummy
 34147 | Tomb:1   | Reached skill level 8 in Dodging
 34147 | Tomb:1   | Reached XP level 21. HP: 147/150 MP: 50/50
 34161 | Tomb:1   | Noticed a greater mummy
 34166 | Tomb:1   | Noticed a greater mummy
 34167 | Tomb:1   | Noticed a greater mummy
 34167 | Tomb:1   | Killed a greater mummy
 34170 | Tomb:1   | Killed a greater mummy
 34174 | Tomb:1   | Killed a greater mummy
 34194 | Tomb:1   | Noticed a greater mummy
 34195 | Tomb:1   | Noticed a greater mummy
 34196 | Tomb:1   | Noticed a greater mummy
 34197 | Tomb:1   | Noticed a greater mummy
 34202 | Tomb:1   | Killed a greater mummy
 34203 | Tomb:1   | Noticed a greater mummy
 34208 | Tomb:1   | Killed a greater mummy
 34209 | Tomb:1   | Reached skill level 10 in Fighting
 34210 | Tomb:1   | Noticed a greater mummy
 34212 | Tomb:1   | Noticed a greater mummy
 34216 | Tomb:1   | Killed a greater mummy
 34216 | Tomb:1   | Reached skill level 9 in Evocations
 34220 | Tomb:1   | Killed a greater mummy
 34221 | Tomb:1   | Killed a greater mummy
 34221 | Tomb:1   | Reached skill level 9 in Dodging
 34222 | Tomb:1   | Noticed a greater mummy
 34222 | Tomb:1   | Noticed a greater mummy
 34224 | Tomb:1   | Killed a greater mummy
 34225 | Tomb:1   | Killed a greater mummy
 34227 | Tomb:1   | Killed a greater mummy
 34236 | Tomb:1   | Killed a greater mummy
 35010 | Vaults:3 | Bought a scroll of torment for 135 gold pieces
 35010 | Vaults:3 | Bought a scroll of enchant armour for 135 gold pieces
 35010 | Vaults:3 | Bought a scroll of acquirement for 936 gold pieces
 35011 | Vaults:3 | Identified the amulet of Suspicion {Reflect Dex+4 SH+3 SInv} (You acquired it on level 3 of the Vaults)
 35198 | D:15     | Learned a level 4 spell: Animate Dead
 35205 | D:15     | Learned a level 6 spell: Death Channel
 35212 | Depths:1 | Entered Level 1 of the Depths
 35227 | Depths:1 | Reached skill level 2 in Armour
 35573 | Depths:1 | Noticed Exporg's ghost (adept MiFi)
 35576 | Depths:1 | Killed Exporg's ghost
 35576 | Depths:1 | Reached skill level 3 in Armour
 35739 | Depths:1 | Found a gateway to Hell.
 35793 | Depths:1 | Found a gateway to a ziggurat.
 35804 | Depths:1 | Reached skill level 4 in Armour
 35974 | Depths:2 | Identified the ring "Ikhluol" {+Inv rF+++ MR- Str+8 Dex+2} (You found it on level 2 of the Depths)
 36218 | Depths:2 | Reached skill level 5 in Armour
 36432 | Depths:3 | Found a hide-covered altar of Uskayaw.
 36434 | Depths:3 | Reached skill level 6 in Armour
 36698 | Depths:3 | Reached skill level 7 in Armour
 36758 | Depths:3 | Found a one-way gate to the infinite horrors of the Abyss.
 36772 | Depths:3 | Reached skill level 11 in Fighting
 36773 | Depths:3 | Reached XP level 22. HP: 133/163 MP: 51/51
 37350 | Depths:3 | Reached skill level 8 in Armour
 37475 | Depths:3 | Found a one-way gate leading to the halls of Pandemonium.
 37665 | Depths:3 | Reached skill level 12 in Fighting
 38286 | Depths:4 | Noticed a golden dragon
 38293 | Depths:4 | Killed a golden dragon
 38601 | Depths:4 | Identified the +3 rapier of Megeikan {antimagic, rN+} (You found it on level 4 of the Depths)
 38724 | Depths:4 | Reached skill level 9 in Armour
 38725 | Depths:4 | Reached skill level 10 in Evocations
 39144 | Depths:5 | Entered Level 5 of the Depths
 39154 | Depths:5 | Noticed a golden dragon
 39156 | Depths:5 | Reached skill level 10 in Dodging
 39158 | Depths:5 | Killed a golden dragon
 39166 | Depths:5 | Noticed Margery
 39384 | Depths:5 | Reached XP level 23. HP: 90/174 MP: 2/52
 39736 | Depths:5 | Killed Margery
 39736 | Depths:5 | Reached skill level 13 in Fighting
 39736 | Depths:5 | Reached skill level 26 in Spellcasting
 39968 | Depths:5 | Found a gate to the Realm of Zot.
 40220 | D:15     | Learned a level 5 spell: Summon Mana Viper
 40432 | Spider:1 | Entered Level 1 of the Spider Nest
 40626 | Spider:1 | Reached skill level 2 in Stealth
 42010 | Spider:3 | Reached skill level 3 in Stealth
 42191 | Spider:3 | Noticed Agnes
 42194 | Spider:3 | Killed Agnes
 42624 | Spider:4 | Entered Level 4 of the Spider Nest
 42726 | Spider:4 | Identified the +1 robe of Yte Qosi {Slay+3} (You found it on level 4 of the Spider Nest)
 43400 | Spider:4 | Got a gossamer rune of Zot
 43671 | Slime:1  | Entered Level 1 of the Pits of Slime
 43823 | Slime:2  | Noticed Dissolution
 43828 | Slime:1  | Killed Dissolution
 43841 | Slime:2  | Reached skill level 10 in Armour
 43886 | Slime:5  | Entered Level 5 of the Pits of Slime
 44003 | Slime:5  | Reached skill level 4 in Stealth
 44086 | Slime:5  | Noticed the Royal Jelly
 44091 | Slime:5  | Killed the Royal Jelly
 44091 | Slime:5  | Reached skill level 8 in Conjurations
 44091 | Slime:5  | Reached XP level 24. HP: 182/182 MP: 46/53
 44129 | Slime:5  | Reached skill level 11 in Evocations
 44228 | Slime:5  | Got a slimy rune of Zot
 44240 | Slime:5  | Identified the +0 plate armour "Meekew" {rF+++ rC+++ Regen+ Slay-3} (You found it on level 5 of the Pits of Slime)
 44241 | Slime:5  | Identified the cursed +0 robe "Owniecs" {rC+ Dex+7} (You found it on level 5 of the Pits of Slime)
 44252 | Slime:5  | Identified the Reference Book on the Enthralling Rocks
 44269 | Slime:5  | Identified the cursed +1 ring mail of Refifoh {Int+3} (You found it on level 5 of the Pits of Slime)
 44286 | Slime:5  | Identified the ring of Compulsion {Ice rElec Str+2 Slay+3 SInv} (You acquired it on level 5 of the Pits of Slime)
 44314 | Slime:5  | Identified the ring of Idemeddo {Slay+3 SInv} (You found it on level 5 of the Pits of Slime)
 44334 | Slime:5  | Identified the cursed +3 spear of Fate {freeze, Dex+4} (You found it on level 5 of the Pits of Slime)
 44912 | D:6      | Bought a brightly glowing shield for 218 gold pieces
 44912 | D:6      | Bought the +3 robe of Folly {Archmagi, MR-- Int+5} for 1242 gold pieces
 44912 | D:6      | Found the +3 robe of Folly {Archmagi, MR-- Int+5}
 44912 | D:6      | Identified the +7 shield "Yplois" {Regen+ rCorr Int+3 Dex-2} (You bought it in a shop on level 6 of the Dungeon)
 44949 | D:6      | Bought a scroll of magic mapping for 91 gold pieces
 44949 | D:6      | Bought a scroll of identify for 52 gold pieces
 44949 | D:6      | Bought a scroll of identify for 52 gold pieces
 44949 | D:6      | Bought a scroll of teleportation for 78 gold pieces
 44949 | D:6      | Bought a scroll of identify for 52 gold pieces
 45234 | Vaults:2 | Bought a book of Enchantments for 650 gold pieces
 45398 | D:15     | Learned a level 6 spell: Deflect Missiles
 45487 | Zot:1    | Entered Level 1 of the Realm of Zot
 45514 | Zot:1    | Reached skill level 1 in Air Magic
 45581 | Zot:1    | Reached skill level 1 in Charms
 45670 | Zot:1    | Noticed an orb of fire
 45680 | Zot:1    | Killed an orb of fire
 45774 | Zot:1    | Reached skill level 3 in Translocations
 45973 | Zot:1    | Reached skill level 2 in Air Magic
 45999 | Zot:1    | Reached skill level 2 in Charms
 46019 | Zot:1    | Reached skill level 11 in Earth Magic
 46211 | Zot:2    | Identified the cursed +1 scale mail "Nokho" {rElec rF- rN++ Stlth+} (You found it on level 2 of the Realm of Zot)
 46227 | Zot:2    | Reached skill level 6 in Summonings
 46445 | Zot:2    | Reached skill level 3 in Air Magic
 46446 | Zot:2    | Reached skill level 3 in Charms
 46879 | Zot:3    | Identified the +0 scale mail of Narcissism {rElec rPois rC++ Dex-5} (You found it on level 3 of the Realm of Zot)
 46880 | Zot:3    | Noticed an orb of fire
 46894 | Zot:3    | Killed an orb of fire
 46942 | Zot:3    | Reached skill level 9 in Conjurations
 47384 | Zot:3    | Found a transporter.
 47391 | Zot:3    | Found a radiant altar of Vehumet.
 47496 | Zot:3    | Noticed an ancient lich
 47501 | Zot:3    | Reached skill level 4 in Translocations
 47501 | Zot:3    | Reached XP level 25. HP: 188/188 MP: 20/53
 47502 | Zot:3    | Killed an ancient lich
 47512 | Zot:3    | Noticed an orb of fire
 47523 | Zot:3    | Killed an orb of fire
 47552 | Zot:3    | Noticed an ancient lich
 47626 | Zot:3    | Found a transporter.
 47655 | Zot:3    | Killed an ancient lich
 47668 | Zot:3    | Identified the +2 hat of Sovereignty {Dex+3} (You found it on level 3 of the Realm of Zot)
 47817 | Zot:4    | Reached skill level 27 in Spellcasting
 47817 | Zot:4    | Reached skill level 21 in Necromancy
 47817 | Zot:4    | Reached skill level 12 in Evocations
 47847 | Zot:4    | Reached skill level 4 in Charms
 47847 | Zot:4    | Reached skill level 4 in Air Magic
 48582 | Zot:4    | Noticed an orb of fire
 48593 | Zot:4    | Killed an orb of fire
 48593 | Zot:4    | Reached skill level 12 in Earth Magic
 48825 | Zot:4    | Reached skill level 10 in Conjurations
 49164 | Zot:5    | Entered Level 5 of the Realm of Zot
 49227 | Zot:5    | Found Feathrokh's Changing Room.
 49459 | Zot:5    | Noticed an ancient lich
 49461 | Zot:5    | Killed an ancient lich
 49535 | Zot:5    | Noticed an ancient lich
 49537 | Zot:5    | Killed an ancient lich
 49567 | Zot:5    | Noticed an ancient lich
 49568 | Zot:5    | Killed an ancient lich
 49570 | Zot:5    | Noticed an orb of fire
 49584 | Zot:5    | Killed an orb of fire
 49600 | Zot:5    | Reached skill level 13 in Evocations
 49884 | Zot:5    | Noticed an orb of fire
 49892 | Zot:5    | Killed an orb of fire
 49892 | Zot:5    | Reached skill level 13 in Earth Magic
 49892 | Zot:5    | Gained mutation: You are strongly in touch with the powers of death. [Mummy growth]
 49892 | Zot:5    | Reached XP level 26. HP: 125/195 MP: 25/54
 50077 | Zot:5    | Noticed an orb of fire
 50087 | Zot:5    | Killed an orb of fire
 50191 | Zot:5    | Noticed an ancient lich
 50204 | Zot:5    | Killed an ancient lich
 50204 | Zot:5    | Reached skill level 22 in Necromancy
 50329 | Zot:5    | Reached skill level 11 in Conjurations
 50445 | Zot:5    | Noticed an orb of fire
 50456 | Zot:5    | Killed an orb of fire
 50456 | Zot:5    | Reached skill level 14 in Earth Magic
 50468 | Zot:5    | Noticed an orb of fire
 50479 | Zot:5    | Killed an orb of fire
 50480 | Zot:5    | Noticed an orb of fire
 50575 | Zot:5    | Killed an orb of fire
 50575 | Zot:5    | Reached skill level 12 in Conjurations
 51575 | Tomb:2   | Noticed Boris
 51580 | Tomb:2   | Killed Boris
 52292 | Hell     | Entered the Vestibule of Hell
 52292 | Hell     | Noticed Geryon
 52301 | Hell     | Killed Geryon
 52304 | Hell     | Noticed Murray
 52311 | Hell     | Killed Murray
 52712 | Hell     | Found a gateway to the freezing wastes of Cocytus.
 52727 | Hell     | Noticed an ancient lich
 52870 | Depths:3 | Voluntarily entered the Abyss.
 53113 | Abyss:1  | Reached skill level 15 in Earth Magic
 53139 | Abyss:1  | Found a burning altar of Makhleb.
 53488 | Abyss:1  | Reached skill level 13 in Conjurations
 53743 | Abyss:1  | Reached XP level 27. HP: 192/201 MP: 45/54
 54234 | Abyss:3  | Found a corrupted altar of Lugonu.
 54341 | Abyss:3  | Found a corrupted altar of Lugonu.
 54472 | Abyss:3  | Reached skill level 5 in Stealth
 54573 | Abyss:3  | Reached skill level 6 in Stealth
 54877 | Abyss:3  | Reached skill level 7 in Stealth
 55133 | Abyss:3  | Reached skill level 8 in Stealth
 55376 | Abyss:3  | Reached skill level 9 in Stealth
 55599 | Abyss:3  | Got a coiled amber ring
 55600 | Abyss:3  | Identified the ring "Usooqimu" {rCorr MR+ Str+7 Int-4 Stlth+} (You found it on level 3 of the Abyss)
 55779 | Abyss:3  | Found an ancient bone altar of Kikubaaqudgha.
 56032 | Abyss:3  | Reached skill level 14 in Fighting
 56035 | Abyss:3  | Reached skill level 10 in Stealth
 56331 | Abyss:3  | Found a runed door.
 56331 | Abyss:3  | Found a runed door.
 56342 | Abyss:3  | Found a runed door.
 56342 | Abyss:3  | Found a runed door.
 56342 | Abyss:3  | Found a runed door.
 56342 | Abyss:3  | Found a runed door.
 56359 | Abyss:3  | Found a runed door.
 56363 | Abyss:3  | Found a corrupted altar of Lugonu.
 56364 | Abyss:3  | Found a runed door.
 56364 | Abyss:3  | Found a runed door.
 56371 | Abyss:3  | Found a runed door.
 56381 | Abyss:3  | Got an abyssal rune of Zot
 56383 | Abyss:3  | Found a runed door.
 56383 | Abyss:3  | Found a runed door.
 56384 | Abyss:3  | Found a runed door.
 56433 | Abyss:3  | Noticed an ancient lich
 56437 | Abyss:3  | Killed an ancient lich
 56608 | Depths:3 | Escaped the Abyss
 56706 | D:15     | Learned a level 8 spell: Lehudib's Crystal Spear
 56714 | D:15     | Learned a level 7 spell: Spellforged Servitor
 56717 | D:15     | Learned a level 2 spell: Shroud of Golubria
 56797 | Hell     | Killed an ancient lich
 56797 | Hell     | Reached skill level 7 in Summonings
 56910 | Hell     | Found a gateway to the decaying netherworld of Tartarus.
 56930 | Hell     | Reached skill level 8 in Summonings
 57176 | Hell     | Found a gateway to the Iron City of Dis.
 57270 | Hell     | Found a gateway to the ashen valley of Gehenna.
 57544 | Vaults:5 | Entered Level 5 of the Vaults
 57551 | Vaults:5 | Reached skill level 9 in Summonings
 57558 | Vaults:5 | Reached skill level 10 in Summonings
 57883 | Vaults:5 | Identified the +9 morningstar "Gokogaj" {freeze, MP+9} (You took it off an ironheart preserver on level 5 of the Vaults)
 57940 | Vaults:5 | Noticed an ancient lich
 57943 | Vaults:5 | Killed an ancient lich
 57988 | Vaults:5 | Reached skill level 14 in Conjurations
 58318 | Vaults:5 | Identified the +4 lajatang of Crystal {slice, +Blink +Rage} (You found it on level 5 of the Vaults)
 58338 | Vaults:5 | Identified the +1 plate armour "Xinokir" {rC+ rCorr Str-5} (You found it on level 5 of the Vaults)
 58339 | Vaults:5 | Identified the cursed +1 chain mail of Fashionability {Str+4} (You found it on level 5 of the Vaults)
 58340 | Vaults:5 | Got a silver rune of Zot
 58424 | Vaults:5 | Reached skill level 15 in Conjurations
 58534 | Vaults:5 | Found Cagicik's Food Emporium.
 58545 | Vaults:5 | Found Ysohad's Food Shop.
 58610 | Vaults:5 | Found Roirgheni's Food Boutique.
 58626 | Vaults:5 | Identified the +8 hunting sling "Sexif" {speed, Str+3} (You found it on level 5 of the Vaults)
 58913 | Vaults:5 | Identified the cursed +1 plate armour of the Hidden Vale {+Blink rPois MR+++ Int-2} (You found it on level 5 of the Vaults)
 59054 | Vaults:3 | Bought a scroll of magic mapping for 63 gold pieces
 59054 | Vaults:3 | Bought a scroll of teleportation for 54 gold pieces
 59054 | Vaults:3 | Bought 3 scrolls of magic mapping for 189 gold pieces
 59235 | D:11     | Bought a scroll of immolation for 49 gold pieces
 59235 | D:11     | Bought a scroll of teleportation for 42 gold pieces
 59235 | D:11     | Bought a scroll of magic mapping for 49 gold pieces
 59235 | D:11     | Bought a scroll of teleportation for 42 gold pieces
 59235 | D:11     | Bought a scroll of teleportation for 42 gold pieces
 59305 | D:12     | Bought a manual of Hexes for 1435 gold pieces
 59427 | Zig:1    | Entered Level 1 of a ziggurat
 59452 | Zig:2    | Entered Level 2 of a ziggurat
 59484 | Zig:3    | Entered Level 3 of a ziggurat
 59489 | Zig:3    | Reached skill level 1 in Short Blades
 59498 | Zig:3    | Identified the amulet "Oxuqoph" {rC+ Regen+} (You found it on level 3 of a ziggurat)
 59501 | Zig:3    | Identified the amulet "Utedog" {Reflect rElec rN+ Dex+4 SH+3} (You found it on level 3 of a ziggurat)
 59512 | Zig:4    | Entered Level 4 of a ziggurat
 59521 | Zig:4    | Reached skill level 2 in Short Blades
 59530 | Zig:4    | Identified the ring "Anausies" {*Drain rN+ MR+ Str+4} (You found it on level 4 of a ziggurat)
 59553 | Zig:5    | Entered Level 5 of a ziggurat
 59566 | Zig:5    | Reached skill level 3 in Short Blades
 59585 | Zig:6    | Entered Level 6 of a ziggurat
 59659 | Zig:7    | Entered Level 7 of a ziggurat
 59674 | Zig:7    | Reached skill level 4 in Short Blades
 59689 | Zig:7    | Reached skill level 5 in Short Blades
 59732 | Zig:7    | Identified the +1 buckler of Sicithupn {rElec Dex+5 Stlth-} (You found it on level 7 of a ziggurat)
 59747 | Zig:8    | Entered Level 8 of a ziggurat
 59859 | Zig:8    | Identified the +6 chain mail "Zixiczev" {rC- Str+3 Dex+2} (You found it on level 8 of a ziggurat)
 59862 | Zig:8    | Identified the Collected Works on Dusty Flight
 59873 | Zig:8    | Learned a level 9 spell: Shatter
 59886 | Zig:9    | Entered Level 9 of a ziggurat
 59919 | Zig:9    | Reached skill level 6 in Short Blades
 60022 | Zig:9    | Identified the Handbook of Captivating Clay
 60130 | Pan      | Entered Pandemonium
 60136 | Pan      | Reached skill level 7 in Short Blades
 60261 | Pan      | Noticed Sougg the pandemonium lord
 60398 | Pan      | Reached skill level 8 in Short Blades
 60461 | Pan      | Killed Sougg the pandemonium lord
 60483 | Pan      | Identified the +5 chain mail "Kocer" {rC+} (You found it in Pandemonium)
 60493 | Pan      | Noticed NorthaanB's ghost (legendary DsFi)
 60501 | Pan      | Killed NorthaanB's ghost
 60552 | Pan      | Reached skill level 16 in Conjurations
 60560 | Pan      | Reached skill level 16 in Earth Magic
 60683 | Pan      | Noticed Rentiezeo the pandemonium lord
 60695 | Pan      | Killed Rentiezeo the pandemonium lord
 60790 | Depths:3 | Escaped Pandemonium
 60820 | Pan      | Entered the realm of Lom Lobon.
 60820 | Pan      | Entered Pandemonium
 61145 | Pan      | Noticed Lom Lobon
 61175 | Pan      | Killed Lom Lobon
 61217 | Pan      | Got a magical rune of Zot
 61263 | Pan      | Entered the realm of Mnoleg.
 61821 | Pan      | Noticed Mnoleg
 61866 | Pan      | Killed Mnoleg
 61898 | Pan      | Got a glowing rune of Zot
 62009 | Pan      | Noticed Foabaq the pandemonium lord
 62022 | Pan      | Killed Foabaq the pandemonium lord
 62030 | Pan      | Reached skill level 15 in Fighting
 62110 | Pan      | Entered the realm of Gloorx Vloq.
 62130 | Pan      | Reached skill level 17 in Earth Magic
 62751 | Pan      | Noticed Gloorx Vloq
 62757 | Pan      | Killed Gloorx Vloq
 62865 | Pan      | Got a dark rune of Zot
 62877 | Pan      | Entered the realm of Cerebov.
 63022 | Pan      | Found an exit through the horrors of the Abyss.
 63032 | Pan      | Reached skill level 23 in Necromancy
 63364 | Pan      | Identified the Collected Works on Earth and Confrontation
 63391 | Pan      | Noticed Cerebov
 63461 | Pan      | Killed Cerebov
 63500 | Pan      | Identified the ring "Todih" {+Inv rElec rF+ MR++ Str-3} (You found it in Pandemonium)
 63501 | Pan      | Got a fiery rune of Zot
 63510 | Pan      | Identified the cursed +3 great mace "Neefas" {elec, *Contam +Inv rC+++ SInv} (You found it in Pandemonium)
 63516 | Pan      | Identified the Catalogue of Assistive Execration
 63517 | Pan      | Identified the ring "Veotum" {Str+9 Int+5} (You found it in Pandemonium)
 63555 | Pan      | Found a basalt altar of Yredelemnul.
 63835 | Pan      | Got a demonic rune of Zot
 63860 | Pan      | Noticed Paed the pandemonium lord
 64182 | Pan      | Found an exit through the horrors of the Abyss.
 64214 | Pan      | Reached skill level 18 in Earth Magic
 64249 | Pan      | Took an exit into the Abyss.
 64249 | Abyss:1  | Escaped into the Abyss
 64249 | Abyss:1  | Found a corrupted altar of Lugonu.
 64367 | Depths:3 | Escaped the Abyss
 64962 | Tomb:2   | Noticed a greater mummy
 64963 | Tomb:2   | Noticed a greater mummy
 64967 | Tomb:2   | Noticed an ancient lich
 64974 | Tomb:2   | HP: 10/210 [death scarab (16)]
 64978 | Tomb:2   | Killed from afar by a greater mummy

Skill      XL: |  1  2  3  4  5  6  7  8  9 10 11 12 13 14 15 16 17 18 19 20 21 22 23 24 25 26 27 |
---------------+----------------------------------------------------------------------------------+-----
Spellcasting   | 3 4 5 6 7 9 11 12 14 16 18 19 21 22 23 24 25 26 27 | 27.0
Necromancy     | 6 9 10 12 14 15 16 18 19 20 21 22 23 | 23.5
Earth Magic    | 4 6 7 10 11 13 15 18 | 18.0
Armour         | 1 7 9 10 | 10.0
Conjurations   | 2 4 7 8 9 10 13 16 | 16.5
Shields        | 3 4 |  4.0
Summonings     | 2 3 5 6 10 | 10.5
Translocations | 2 4 |  4.9
Fighting       | 7 9 11 12 13 15 | 15.9
Dodging        | 6 8 9 10 | 10.7
Evocations     | 8 9 10 11 13 | 13.5
Stealth        | 4 10 | 10.2
Air Magic      | 3 4 |  4.0
Charms         | 3 4 |  4.0
Short Blades   | 8 |  8.0
Transmutations | |  0.7

Action                   |  1- 3 |  4- 6 |  7- 9 | 10-12 | 13-15 | 16-18 | 19-21 | 22-24 | 25-27 || total
-------------------------+-------+-------+-------+-------+-------+-------+-------+-------+-------++-------
Melee: Unarmed           |     7 |       |       |       |       |       |       |       |       ||     7
       Dagger            |   126 |   111 |   388 |   275 |   104 |     9 |     5 |     1 |    11 ||  1030
       Morningstar       |    21 |    43 |     3 |       |       |       |       |       |       ||    67
       Quarterstaff      |       |       |    34 |   115 |    30 |       |       |       |       ||   179
       Staff             |       |       |       |       |     3 |       |       |       |       ||     3
       Broad axe         |       |       |       |       |       |       |     9 |       |       ||     9
 Cast: Sandblast         |     9 |    41 |    53 |    19 |     3 |       |       |       |       ||   125
       Vampiric Draining |       |       |    55 |    23 |       |       |       |       |       ||    78
       Corpse Rot        |       |       |     1 |       |       |       |       |       |       ||     1
       Borgnjor's Vile C |       |       |    10 |    86 |    79 |    66 |    97 |   286 |   539 ||  1163
       Dispel Undead     |       |       |     1 |    16 |     5 |     7 |    60 |    15 |   162 ||   266
       Bolt of Draining  |       |       |       |    25 |    30 |    42 |    37 |   107 |    57 ||   298
       Animate Skeleton  |       |       |       |     2 |       |       |       |       |       ||     2
       Apportation       |       |       |       |       |    33 |    46 |    46 |   114 |   131 ||   370
       Infestation       |       |       |       |       |   115 |   205 |   180 |   267 |   200 ||   967
       Lee's Rapid Decon |       |       |       |       |     2 |     8 |     2 |    29 |    12 ||    53
       Blink             |       |       |       |       |     1 |     4 |     2 |     6 |    17 ||    30
       Ozocubu's Armour  |       |       |       |       |     1 |     7 |     1 |       |       ||     9
       Haunt             |       |       |       |       |       |    12 |       |       |       ||    12
       Iron Shot         |       |       |       |       |       |     8 |     3 |    23 |   149 ||   183
       Passage of Golubr |       |       |       |       |       |     8 |       |       |    20 ||    28
       Death Channel     |       |       |       |       |       |       |     1 |       |       ||     1
       Animate Dead      |       |       |       |       |       |       |       |     2 |     1 ||     3
       Deflect Missiles  |       |       |       |       |       |       |       |     2 |     3 ||     5
       Passwall          |       |       |       |       |       |       |       |       |    33 ||    33
       Lehudib's Crystal |       |       |       |       |       |       |       |       |   123 ||   123
       Spellforged Servi |       |       |       |       |       |       |       |       |    90 ||    90
       Shroud of Golubri |       |       |       |       |       |       |       |       |    19 ||    19
Invok: Receive Necronomi |       |       |       |     1 |       |       |       |       |       ||     1
 Abil: Evoke Flight      |       |       |       |       |     2 |       |     3 |     4 |     3 ||    12
       Stop Flying       |       |       |       |       |       |       |     3 |       |       ||     3
       Evoke Invisibilit |       |       |       |       |       |       |       |     1 |       ||     1
Evoke: Wand              |       |       |     1 |    19 |    17 |    14 |     2 |    15 |    41 ||   109
       Staff of energy   |       |       |       |       |       |       |   208 |  1301 |  2386 ||  3895
       Box of beasts     |       |       |       |       |       |       |       |     2 |     6 ||     8
       Fan of gales      |       |       |       |       |       |       |       |     1 |       ||     1
       Lamp of fire      |       |       |       |       |       |       |       |       |     1 ||     1
       Lightning rod     |       |       |       |       |       |       |       |       |     3 ||     3
       Horn of Geryon    |       |       |       |       |       |       |       |       |     1 ||     1
  Use: Scroll            |     7 |     2 |    16 |     8 |    22 |    27 |    17 |    18 |    45 ||   162
 Stab: Sleeping          |     1 |       |    15 |     2 |     1 |       |       |       |     3 ||    22
       Distracted        |       |       |     1 |       |       |       |       |     1 |       ||     2
Armor: Robe              |    15 |    24 |   147 |    11 |    13 |    38 |    21 |       |     6 ||   275
       Troll leather arm |       |       |       |   136 |    44 |       |       |       |       ||   180
       Ring mail         |       |       |       |    26 |       |       |       |       |       ||    26
       Leather armour    |       |       |       |       |     6 |       |       |       |       ||     6
       Fire dragon scale |       |       |       |       |       |       |     8 |    76 |   207 ||   291
Dodge: Dodged            |    69 |    79 |   244 |   209 |   134 |    64 |    59 |   128 |   437 ||  1423
       Deflected         |       |       |       |       |       |       |       |     1 |    77 ||    78
Block: Buckler           |       |       |       |       |    10 |    43 |    39 |    83 |   324 ||   499
       Reflection        |       |       |       |       |       |       |       |     3 |    23 ||    26

Table legend:
 A = Turns spent in this place as a percentage of turns spent in the entire game.
 B = Non-inter-level travel turns spent in this place as a percentage of non-inter-level travel turns spent in the entire game.
 C = Inter-level travel turns spent in this place as a percentage of turns spent in this place.
 D = Turns resting spent in this place as a percentage of non-inter-level travel turns spent in this place.
 E = Turns spent auto-exploring this place as a percentage of non-inter-level travel turns spent in this place.
 F = Non-inter-level travel turns spent in this place divided by the number of levels of this place that you've seen.
                   A       B       C       D       E      F
               +-------+-------+-------+-------+-------+----------------------
         Total | 100.0 | 100.0 |  17.3 |   2.4 |   1.5 | 603.6
       Dungeon |  23.1 |  20.9 |  25.1 |   0.2 |   0.9 | 749.6
        Temple |   0.1 |   0.1 |  47.1 |   0.0 |   0.0 |  37.0
          Lair |   7.2 |   7.5 |  13.4 |   0.1 |   0.0 | 671.8
         Swamp |   3.4 |   3.8 |   6.7 |   0.0 |   1.1 | 511.8
   Spider Nest |   4.9 |   5.4 |   8.2 |   0.0 |  10.7 | 725.2
    Slime Pits |   1.2 |   1.4 |   1.6 |   0.0 |   0.0 | 147.4
  Orcish Mines |   2.2 |   1.7 |  36.5 |   3.9 |   0.0 | 453.0
   Elven Halls |   4.4 |   4.2 |  19.8 |   0.0 |   1.8 | 760.0
        Vaults |   9.5 |   8.2 |  28.7 |   0.0 |   0.9 | 878.6
         Crypt |   4.9 |   3.8 |  34.8 |   0.0 |   1.7 | 688.3
          Tomb |   2.6 |   2.1 |  34.5 |   0.0 |   3.7 | 559.0
        Depths |   9.6 |   9.1 |  22.2 |   0.0 |   1.6 | 976.0
          Hell |   0.8 |   1.0 |   6.2 |   0.0 |   0.0 | 517.0
           Zot |   8.3 |   9.2 |   8.3 |   0.0 |   1.1 | 983.4
         Abyss |   5.9 |   7.2 |   0.0 |   0.0 |   0.0 | 964.0
   Pandemonium |   6.3 |   7.6 |   0.0 |   0.0 |   1.3 | 454.3
      Ziggurat |   1.0 |   1.2 |   0.0 |   0.0 |   0.0 |  68.8
        Bazaar |   0.1 |   0.1 |   0.0 |   0.0 |   0.0 |  38.0
       Ossuary |   2.8 |   3.4 |   0.0 |  66.2 |   0.0 | 1805.0
      Ice Cave |   0.5 |   0.6 |   0.0 |   0.0 |   0.0 | 339.0
       Volcano |   0.4 |   0.4 |   0.0 |   8.1 |   0.0 | 236.0
        Wizlab |   0.2 |   0.2 |   0.0 |   0.0 |   0.0 | 119.0
    Desolation |   0.8 |   1.0 |   0.0 |   0.0 |   0.0 | 550.0
               +-------+-------+-------+-------+-------+----------------------

Table legend:
 A = Kills in this place as a percentage of kills in entire the game.
 B = Kills by you in this place as a percentage of kills by you in the entire game.
 C = Kills by friends in this place as a percentage of kills by friends in the entire game.
 D = Other kills in this place as a percentage of other kills in the entire game.
 E = Experience gained in this place as a percentage of experience gained in the entire game.
 F = Experience gained in this place divided by the number of levels of this place that you have seen.
                   A       B       C       D       E      F
               +-------+-------+-------+-------+-------+----------------------
         Total | 100.0 | 100.0 | 100.0 | 100.0 | 100.0 | 24373.2
       Dungeon |  14.3 |  20.4 |   7.8 |  16.7 |   2.5 | 3687.5
          Lair |   3.9 |   6.0 |   1.8 |   0.0 |   1.9 | 6745.7
         Swamp |   4.6 |   1.3 |   8.2 |   0.0 |   2.2 | 11675.2
   Spider Nest |   6.1 |   6.1 |   6.0 |  16.7 |   3.3 | 17964.8
    Slime Pits |   2.0 |   0.6 |   3.6 |   0.0 |   2.3 | 9801.8
  Orcish Mines |   2.9 |   1.9 |   3.8 |  16.7 |   0.5 | 5677.5
   Elven Halls |   5.4 |   3.1 |   7.7 |   0.0 |   4.7 | 33858.0
        Vaults |  12.8 |   8.4 |  17.4 |  16.7 |  13.2 | 57169.6
         Crypt |   3.7 |   2.3 |   5.2 |   0.0 |   3.9 | 28210.3
          Tomb |   3.0 |   2.7 |   3.4 |   0.0 |   7.7 | 83889.0
        Depths |   8.9 |   8.2 |   9.5 |  16.7 |  10.5 | 45696.2
          Hell |   2.4 |   2.1 |   2.7 |  16.7 |   2.2 | 46839.0
           Zot |   6.6 |   7.7 |   5.4 |   0.0 |  20.5 | 89021.4
         Abyss |   8.4 |  15.9 |   0.5 |   0.0 |   8.1 | 43852.8
   Pandemonium |   8.5 |   7.8 |   9.2 |   0.0 |  12.6 | 30440.8
      Ziggurat |   2.0 |   2.0 |   2.0 |   0.0 |   2.4 | 5768.7
       Ossuary |   1.0 |   1.9 |   0.0 |   0.0 |   0.0 | 533.0
      Ice Cave |   0.7 |   0.2 |   1.3 |   0.0 |   0.2 | 4327.0
       Volcano |   0.2 |   0.4 |   0.0 |   0.0 |   0.1 | 2853.0
    Desolation |   2.5 |   0.6 |   4.5 |   0.0 |   1.2 | 25233.0
               +-------+-------+-------+-------+-------+----------------------

Vault maps used:
D:1:      roderic_crop_circles_arrival_small
D:2:      corner_web_ring, uniq_jessica, uniq_terence
D:3:      minmay_three_crescents, uniq_natasha, uniq_crazy_yiuf_cottage
D:4:      enter_ossuary_3, uniq_grinder, uniq_menkaure, uniq_blork_the_orc
D:5:      minmay_temple_entry_statues_pillars, first_ration,
          corexii_leaking_fountain, kennysheep_generic_room_2
D:6:      nicolae_overflow_hidden_temple, serial_shops,
          nicolae_shop_overgrown_old_shop, kennysheep_little_box,
          nicolae_shop_overgrown_old_shop, shop_statue,
          nicolae_shop_behind_doors, trog_wizard, uniq_edmund
D:9:      kennysheep_six_static_rooms, serial_shops, nicolae_shop_stone
D:11:     david_lair_shrubbed, serial_shops, kennysheep_mini_moat, the_bakery,
          uniq_harold
D:12:     zombieorc2_lemuel, hangedman_decor_diamond_cutter,
          nicolae_alphabet_shops
D:13:     david_vaults_3, portal_ice_cave_entry_pillars_1,
          nicolae_elemental_shop
D:14:     minmay_box_of_curves, minmay_staircase_windowed_small,
          kennysheep_two_boxes, uniq_azrael
D:15:     grunt_enter_depths_snipers, special_room, elyvilon_altar_4
Temple:   kilobyte_greek_temple
Lair:1:   small_statue_intersection, uniq_sonja
Lair:2:   beast_lair_carwin_large_2
Lair:4:   swamp_mist, spider_nest_entry_funnel_web, beast_lair_carwin_9,
          infiniplex_staircase_pool, serial_bayou_shore_b, uniq_rupert,
          uniq_nessos
Lair:5:   nicolae_volcano_entry_s_turn, st_stairs_5, serial_bayou_shore_a,
          grunt_megastairs_3
Lair:6:   due_jungle_book, slime_altar_2
Swamp:1:  evilmike_swamp_ruin_house_5, uniq_aizul
Swamp:2:  nicolae_swamp_fairy_circle
Swamp:3:  evilmike_swamp_ruin_rubble_1, uniq_louise
Swamp:4:  swamp_alternative, grunt_ruined_hall, uniq_donald
Spider:3: nicolae_orb_island, uniq_agnes
Spider:4: grunt_spider_rune_circles, hive_lemuel
Slime:1:  cheibrodos_slime_lost_civilization_9,
          cheibrodos_slime_lost_civilization_5
Slime:2:  dissolution_awaits
Orc:1:    basic_altar, uniq_josephine
Orc:2:    kennysheep_orc_mage_school
Elf:1:    serial_shops, nicolae_shop_stone, minmay_elf_crystal_heptagon,
          grunt_megastairs_2
Elf:3:    minmay_elf_hall_curves, serial_shops, shop_statue, spider_trap
Vaults:1: special_room_vaults, ontoclasm_vaults_ring_large, v_misc_18,
          ontoclasm_vaults_bender, v_misc_26, nicolae_vaults_circle_grid_b,
          hangedman_vaults_impose, vaults_mumra_hex,
          portal_desolation_entry_holy_temple
Vaults:2: minmay_crypt_entry_skeletal_spiral, ontoclasm_vaults_decontamination,
          nicolae_vaults_asterisk, v_alt_pattern_2, hangedman_vaults_stitches,
          v_misc_14, v_alt_pattern_3, dpeg_vaults_monster_row, v_misc_33,
          serial_shops, shop
Vaults:3: ontoclasm_vaults_gateway, minmay_guarded_unrand_guard_vaults,
          nicolae_vaults_diagonal_hallway_9, hangedman_vaults_corner,
          vaults_dpeg_hooks, vaults_dpeg_doors, grunt_vaults_diagonal, v_misc_1,
          ontoclasm_vaults_pinch, vaults_room_corners, vaults_room_semicircle,
          hangedman_vaults_restitches, mu_enter_wizlab_4, serial_shops,
          bzr_entry_road, shop, shop, shop
Vaults:4: v_pattern_5, nicolae_vaults_network_s, v_misc_1, v_misc_8,
          vaults_room_door_hall, hangedman_vaults_snaps,
          vaults_room_grunt_arrival_ludios, nicolae_vaults_little_squares_4,
          v_misc_17
Crypt:1:  uniq_frederick, uniq_sojobo
Crypt:2:  uniq_khufu
Crypt:3:  quadcrypt_mu, uniq_xtahua
Tomb:2:   uniq_boris, uniq_mennas
Depths:1: enter_ziggurat_b, grunt_hell_entry_dis_mu, serial_glass,
          glass_columns_a, glass_columns_c, glass_columns_a, glass_columns_a,
          glass_columns_c, glass_columns_b, glass_columns_a, glass_columns_a,
          glass_columns_c, glass_columns_b, glass_columns_c, glass_columns_c,
          glass_columns_a, glass_columns_a
Depths:2: kennysheep_ogre_elephant_herders, kennysheep_cross_room, hell_entry,
          minmay_staircase_statues
Depths:3: regret_index_uskayaw_diablada_macabre, hangedman_coc_ice_floe,
          abyss_entry_crystal, grunt_pan_entry_zigzag, spider_trap
Depths:4: kennysheep_scales, grunt_mini_vestibule, hangedman_decor_riveting,
          abyss_entry, pan_entry, lemuel_freeze_loot_1,
          infiniplex_staircase_split_hallway
Depths:5: grunt_x_marks_the_spot, pf_hell_entry_great_geh, corexii_corridor_pit,
          uniq_margery
Zot:2:    grunt_ministairs_15, grunt_megastairs_1
Zot:3:    gammafunk_sealed_library
Zot:4:    lemuel_firehouse, st_stairs_8
Zot:5:    nicolae_transmutations_shop
Pan:      rand_demon_5, pan_blood_fountain_2, evilmike_mini_pan_layers,
          lom_lobon_grunt, mnoleg, pan_blood_fountain, nicolae_pan_sigil_nadil,
          evilmike_mini_pan_corridor, pan_blood_fountain_small,
          gloorx_vloq_grunt, cerebov_grunt_fire_and_steel,
          pan_blood_fountain_small, nicolae_pan_double_arrow,
          pan_blood_fountain_small, nicolae_pan_mnolegish_4,
          grunt_pan_frozen_over
Zig:9:    ziggurat_pillar_centre_oklobs
Bazaar:   bazaar_minmay_cross
Ossuary:  minmay_ossuary_two_tombs
IceCv:    ice_cave_tombish
Volcano:  kennysheep_volcano_temple
WizLab:   wizlab_wucad
